Workbook

Sheet Guidance Notes
L3: Version Control: v1.0 | O3: 46003
I6: Application Form
C10: Ymestyn Grant
C12: Please complete all section 1-6 as listed below:
C14: 1. Questions | H14: Within sections 1-6 the following colour coding applies:
C15: 2. Technical Details | H15: Blue cells | I15: = user input
C16: 3. Deliverability Details | H16: Green cells | I16: = automatically calculated
C17: 4.Financial Detail | H17: Orange cells | I17: = automatically calculated
C18: 5.Risks
C19: 6. Summary & Declaration
C21: Please refer to Ymestyn Grant Guidance released alongside this form, for eligibility criteria and grant conditions.
C23: Important Notes
C25: This form can be filled in for up to 15 sites, should there be more sites to your application, please fill out another form for these.
C26: Funding will only be granted to applicants that can assure projects can be installed and commissioned by 30th November 2026.
C27: Applications must be supported by a sponsoring director, a signature will be required upon offer letters being provided.
C28: Note that works cannot start until a formal and signed grant award letter is received.
C30: Application Submissions
C32: Please send completed application forms to Ymestyn.grant@energyservice.wales
C33: If you have any queries on the application process or the form itself, please use the address above.
C35: Data Sharing Disclaimer
... C44: enquiries@energyservice.wales

Sheet 1. Questions 
C2: 1. Questions
C7: 1.1 Project Questions
C9: Project Details
D11: Please provide information on:
D12: • Summary of overall programme
D13: • Summary of selected technology solution and why
D14: • Project development activity to date
D16: If also applying to the Wales Funding Programme, you may wish to align the information with Business Case Template:- Section 2: Project Details of the application form
D18: • Alt+Enter for new lines • Alt+7 for bullet points
C20: Design
D22: Please provide information on:
D23: • Design approach
D24: • How is design optimised for the site
D25: • Design stage and maturity
D26: • Design specification - approach to prevent modern slavery in the supply chain
D27: If also applying to the Wales Funding Programme, you may wish to align the information with Business Case Template:- Section 2: Project Details of the application form
D29: • Alt+Enter for new lines • Alt+7 for bullet points
C31: Costs
D33: Please provide information on:
D34: • Identify the need for a gap fund
D35: • Your approach to ensure value for money
D36: • Procurement status and confidence of correct costs applied for
D37: • Match funding sources and approval status
D38: • Your approach for contingency costs
D39: • If not all VAT cannot be recovered, and you are including this non-recoverable VAT in your project costs, please detail and explain
D40: If also applying to the Wales Funding Programme, you may wish to align the information with Business Case Template:- Section 1: Cost Breakdown of the application form
D42: • Alt+Enter for new lines • Alt+7 for bullet points
C44: Deliverability
D46: Please provide information on:
D47: • Procurement and contracting - status and approach
D48: • Planning and DNO - status and approach
D49: • Key deliverability risks identified
D50: • Project plan timeline
D51: If also applying to the Wales Funding Programme, you may wish to align the information with Business Case Template:- Section 7,8, & 10 (Project Governance, Previous Experience, Timescales)
D53: • Alt+Enter for new lines • Alt+7 for bullet points
C56: Performance
D58: Please provide information on:
D59: • Operations and Maintenance arrangement
D60: • Performance Management Plan
D61: If also applying to the Wales Funding Programme, you may wish to align the information with Business Case Template:- Section 6: Performance Monitoring Plan
D63: • Alt+Enter for new lines • Alt+7 for bullet points
C66: Governance and Project Management Approach
D68: Please provide information on:
D69: • Internal business case approvals
D70: • Resource, roles, and responsibility
D71: • Project Management approach
D72: • Risk Management approach
D73: If also applying to the Wales Funding Programme, you may wish to align the information with Business Case Template:- Section 7: Project Governance
D75: • Alt+Enter for new lines • Alt+7 for bullet points
B78: End of Sheet

Sheet 2. Technical Details
C2: 2. Technical Details
D3: Please list sites in your order of priority.
C5: 2.1 Technical
D7: Site Details | I7: Renewable generation | O7: Battery storage | U7: Metrics & Checks
C8: Project | D8: Site Name | E8: Site Postcode | F8: Type of site | G8: Electricity use: current or projected, used as baseline for design (kWh annual) | H8: Is your project an addition or extension to a existing renewables project? (e.g. battery add-on). If 'yes', please still provide your current renewable project data. | I8: Technology | J8: Size (kWp Output) | K8: KWh generation (annual) | L8: Onsite consumption (kWh) (or consumption by another organisation via private wire) | M8: Export to grid (kWh) | N8: Curtailed, parasitic load, or losses (kWh) | O8: Battery storage (Y/N) | P8: kWh battery storage size | Q8: Battery used for 'onsite consumption' (kWh) (note: this value should already be part of the 'onsite consumption' total. | R8: Battery used for 'export to grid' (kWh) (note: this value should already be part of the 'export to grid' total. | S8: Batteries also charged for use from import electricity? (Y/N) (ensure any battery charging from import is not considered in kWh figures) | T8: Comments on battery solution (if any) | U8: Onsite Consumption % | V8: Net Export to grid % | W8: Curtailed, parasitic load, or losses % | X8: Checksum | Y8: kWh generated / kWp installed | Z8: % site demand | AA8: Generation kWh / Battery kWh size | AB8: % generated used in batteries
U9: =IFERROR(L9/($K9),"") | V9: =IFERROR(M9/($K9),"") | W9: =IFERROR(N9/($K9),"") | X9: =IF(SUM(U9:W9)=0,"",IF(SUM(U9:W9)=1,Lists!$F$5,Lists!$F$6)) | Y9: =IFERROR(K9/J9,"") | Z9: =IFERROR(L9/G9,"") | AA9: =IFERROR(K9/P9,"") | AB9: =IFERROR((Q9+R9)/K9,"")
U10: =IFERROR(L10/($K10),"") | V10: =IFERROR(M10/($K10),"") | W10: =IFERROR(N10/($K10),"") | X10: =IF(SUM(U10:W10)=0,"",IF(SUM(U10:W10)=1,"OK","Not balanced")) | Y10: =IFERROR(K10/J10,"") | Z10: =IFERROR(L10/G10,"") | AA10: =IFERROR(K10/P10,"") | AB10: =IFERROR((Q10+R10)/K10,"")
U11: =IFERROR(L11/($K11),"") | V11: =IFERROR(M11/($K11),"") | W11: =IFERROR(N11/($K11),"") | X11: =IF(SUM(U11:W11)=0,"",IF(SUM(U11:W11)=1,"OK","Not balanced")) | Y11: =IFERROR(K11/J11,"") | Z11: =IFERROR(L11/G11,"") | AA11: =IFERROR(K11/P11,"") | AB11: =IFERROR((Q11+R11)/K11,"")
U12: =IFERROR(L12/($K12),"") | V12: =IFERROR(M12/($K12),"") | W12: =IFERROR(N12/($K12),"") | X12: =IF(SUM(U12:W12)=0,"",IF(SUM(U12:W12)=1,"OK","Not balanced")) | Y12: =IFERROR(K12/J12,"") | Z12: =IFERROR(L12/G12,"") | AA12: =IFERROR(K12/P12,"") | AB12: =IFERROR((Q12+R12)/K12,"")
U13: =IFERROR(L13/($K13),"") | V13: =IFERROR(M13/($K13),"") | W13: =IFERROR(N13/($K13),"") | X13: =IF(SUM(U13:W13)=0,"",IF(SUM(U13:W13)=1,"OK","Not balanced")) | Y13: =IFERROR(K13/J13,"") | Z13: =IFERROR(L13/G13,"") | AA13: =IFERROR(K13/P13,"") | AB13: =IFERROR((Q13+R13)/K13,"")
U14: =IFERROR(L14/($K14),"") | V14: =IFERROR(M14/($K14),"") | W14: =IFERROR(N14/($K14),"") | X14: =IF(SUM(U14:W14)=0,"",IF(SUM(U14:W14)=1,"OK","Not balanced")) | Y14: =IFERROR(K14/J14,"") | Z14: =IFERROR(L14/G14,"") | AA14: =IFERROR(K14/P14,"") | AB14: =IFERROR((Q14+R14)/K14,"")
U15: =IFERROR(L15/($K15),"") | V15: =IFERROR(M15/($K15),"") | W15: =IFERROR(N15/($K15),"") | X15: =IF(SUM(U15:W15)=0,"",IF(SUM(U15:W15)=1,"OK","Not balanced")) | Y15: =IFERROR(K15/J15,"") | Z15: =IFERROR(L15/G15,"") | AA15: =IFERROR(K15/P15,"") | AB15: =IFERROR((Q15+R15)/K15,"")
U16: =IFERROR(L16/($K16),"") | V16: =IFERROR(M16/($K16),"") | W16: =IFERROR(N16/($K16),"") | X16: =IF(SUM(U16:W16)=0,"",IF(SUM(U16:W16)=1,"OK","Not balanced")) | Y16: =IFERROR(K16/J16,"") | Z16: =IFERROR(L16/G16,"") | AA16: =IFERROR(K16/P16,"") | AB16: =IFERROR((Q16+R16)/K16,"")
U17: =IFERROR(L17/($K17),"") | V17: =IFERROR(M17/($K17),"") | W17: =IFERROR(N17/($K17),"") | X17: =IF(SUM(U17:W17)=0,"",IF(SUM(U17:W17)=1,"OK","Not balanced")) | Y17: =IFERROR(K17/J17,"") | Z17: =IFERROR(L17/G17,"") | AA17: =IFERROR(K17/P17,"") | AB17: =IFERROR((Q17+R17)/K17,"")
U18: =IFERROR(L18/($K18),"") | V18: =IFERROR(M18/($K18),"") | W18: =IFERROR(N18/($K18),"") | X18: =IF(SUM(U18:W18)=0,"",IF(SUM(U18:W18)=1,"OK","Not balanced")) | Y18: =IFERROR(K18/J18,"") | Z18: =IFERROR(L18/G18,"") | AA18: =IFERROR(K18/P18,"") | AB18: =IFERROR((Q18+R18)/K18,"")
U19: =IFERROR(L19/($K19),"") | V19: =IFERROR(M19/($K19),"") | W19: =IFERROR(N19/($K19),"") | X19: =IF(SUM(U19:W19)=0,"",IF(SUM(U19:W19)=1,"OK","Not balanced")) | Y19: =IFERROR(K19/J19,"") | Z19: =IFERROR(L19/G19,"") | AA19: =IFERROR(K19/P19,"") | AB19: =IFERROR((Q19+R19)/K19,"")
U20: =IFERROR(L20/($K20),"") | V20: =IFERROR(M20/($K20),"") | W20: =IFERROR(N20/($K20),"") | X20: =IF(SUM(U20:W20)=0,"",IF(SUM(U20:W20)=1,"OK","Not balanced")) | Y20: =IFERROR(K20/J20,"") | Z20: =IFERROR(L20/G20,"") | AA20: =IFERROR(K20/P20,"") | AB20: =IFERROR((Q20+R20)/K20,"")
U21: =IFERROR(L21/($K21),"") | V21: =IFERROR(M21/($K21),"") | W21: =IFERROR(N21/($K21),"") | X21: =IF(SUM(U21:W21)=0,"",IF(SUM(U21:W21)=1,"OK","Not balanced")) | Y21: =IFERROR(K21/J21,"") | Z21: =IFERROR(L21/G21,"") | AA21: =IFERROR(K21/P21,"") | AB21: =IFERROR((Q21+R21)/K21,"")
... U23: =IFERROR(L23/($K23),"") | V23: =IFERROR(M23/($K23),"") | W23: =IFERROR(N23/($K23),"") | X23: =IF(SUM(U23:W23)=0,"",IF(SUM(U23:W23)=1,"OK","Not balanced")) | Y23: =IFERROR(K23/J23,"") | Z23: =IFERROR(L23/G23,"") | AA23: =IFERROR(K23/P23,"") | AB23: =IFERROR((Q23+R23)/K23,"")

Sheet 3. Deliverability Details
C2: 3. Deliverability Details
C5: 3.1 Deliverability
D7: Design & Planning | L7: Procurement and contracting | V7: Operation
C8: Project | D8: Please indicate the project position on designs | E8: Please indicate the project position on planning permission | F8: Please indicate the project position on environmental / NRW permissions (for example: abstraction licence for a hydro project) | G8: Please indicate the project position on DNO upgrades / engagement | H8: Please indicate the project position structural / civil surveys | I8: Please indicate the project position on SUDS (Sustainable Drainage Survey) | J8: Please indicate the position on any Power Purchase Agreement (PPA) required | K8: Comments (other consents such as land rights, listed building, fish pass, etc. that may be required) | L8: Principle contractor for supply & install: contracting approach | M8: Principle contractor for supply & install: procurement stage | N8: Subcontracted - equipment supply: stage | O8: Subcontracted - works installers: stage | P8: DNO upgrade or grid connection contracting | Q8: Client Engineer: contracting approach | R8: Client Engineer: procurement stage | S8: Other specialist (e.g. PM / QS / environmental): contracting approach | T8: Other specialist (e.g. PM / QS / environmental): procurement stage | U8: Comments | V8: Do you have a Operation & Maintenance (O&M) plan in place? | W8: O&M contractor procurement | X8: Performance Management Plan in place? | Y8: Performance management includes a Measurement & Verification (M&V) Plan to International Performance Measurement & Verification Protocol (IPMVP) | Z8: Comments
C9: =IF(ISBLANK('2. Technical Details'!C9),"",'2. Technical Details'!C9)
C10: =IF(ISBLANK('2. Technical Details'!C10),"",'2. Technical Details'!C10)
C11: =IF(ISBLANK('2. Technical Details'!C11),"",'2. Technical Details'!C11)
C12: =IF(ISBLANK('2. Technical Details'!C12),"",'2. Technical Details'!C12)
C13: =IF(ISBLANK('2. Technical Details'!C13),"",'2. Technical Details'!C13)
C14: =IF(ISBLANK('2. Technical Details'!C14),"",'2. Technical Details'!C14)
C15: =IF(ISBLANK('2. Technical Details'!C15),"",'2. Technical Details'!C15)
C16: =IF(ISBLANK('2. Technical Details'!C16),"",'2. Technical Details'!C16)
C17: =IF(ISBLANK('2. Technical Details'!C17),"",'2. Technical Details'!C17)
C18: =IF(ISBLANK('2. Technical Details'!C18),"",'2. Technical Details'!C18)
C19: =IF(ISBLANK('2. Technical Details'!C19),"",'2. Technical Details'!C19)
C20: =IF(ISBLANK('2. Technical Details'!C20),"",'2. Technical Details'!C20)
... C23: =IF(ISBLANK('2. Technical Details'!C23),"",'2. Technical Details'!C23)

Sheet 4. Financial Detail
C2: 4. Financial Detail
D3: There are three sections on this tab - scroll down to complete each
C5: 4.1 Costs
D7: Investment costs (£) | R7: Annual costs (avg. per year expected over a 10 year period) | X7: Metrics
C8: Project | D8: Final design and project management costs | E8: Main generation equipment (e.g. PV panels) | F8: Battery energy storage equipment | G8: Structural equipment costs (e.g. solar canopy structures) | H8: Other equipment costs | I8: Installation & commissioning costs | J8: Private wire cost (supply & install) | K8: DNO (grid connection and / or upgrade works) | L8: Client Engineer | M8: Other specialists | N8: Associated land costs (e.g., landscaping, access, biodiversity requirements) | O8: Contingency costs | P8: Total investment cost exc. contingency for payback calculation | Q8: Total investment cost inc. contingency | R8: Annual Operation & Maintenance cost | S8: Annual other performance management costs | T8: Land lease (if applicable) | U8: Business rates (if applicable) | V8: Other annual cost (e.g. minimum contracted S106 for community benefit - please detail in 'cost question') | W8: Total annual costs | X8: £/kWp of total investment costs exc. contingency | Y8: £/kWp to total exc. private wire, land, DNO, and contingency | Z8: £/kWp main equipment cost | AA8: £/kWh battery costs | AB8: Total annual costs / kW
C9: =IF(ISBLANK('2. Technical Details'!C9),"",'2. Technical Details'!C9) | P9: =SUM(D9:N9) -> 0 | Q9: =SUM(D9:O9) -> 0 | W9: =SUM(R9:V9) -> 0 | X9: =IFERROR(P9/'2. Technical Details'!J9,"") | Y9: =IFERROR(SUM(D9:I9,L9:M9)/'2. Technical Details'!J9,"") | Z9: =IFERROR(P9/E9,"") | AA9: =IFERROR(F9/'2. Technical Details'!P9,"") | AB9: =IFERROR(W9/'2. Technical Details'!J9,"") | AC9: Scroll down for the next section
C10: =IF(ISBLANK('2. Technical Details'!C10),"",'2. Technical Details'!C10) | P10: =SUM(D10:N10) -> 0 | Q10: =SUM(D10:O10) -> 0 | W10: =SUM(R10:V10) -> 0 | X10: =IFERROR(P10/'2. Technical Details'!J10,"") | Y10: =IFERROR(SUM(D10:I10,L10:M10)/'2. Technical Details'!J10,"") | Z10: =IFERROR(P10/E10,"") | AA10: =IFERROR(F10/'2. Technical Details'!P10,"") | AB10: =IFERROR(W10/'2. Technical Details'!J10,"") | AC10: ↓
C11: =IF(ISBLANK('2. Technical Details'!C11),"",'2. Technical Details'!C11) | P11: =SUM(D11:N11) -> 0 | Q11: =SUM(D11:O11) -> 0 | W11: =SUM(R11:V11) -> 0 | X11: =IFERROR(P11/'2. Technical Details'!J11,"") | Y11: =IFERROR(SUM(D11:I11,L11:M11)/'2. Technical Details'!J11,"") | Z11: =IFERROR(P11/E11,"") | AA11: =IFERROR(F11/'2. Technical Details'!P11,"") | AB11: =IFERROR(W11/'2. Technical Details'!J11,"") | AC11: ↙
C12: =IF(ISBLANK('2. Technical Details'!C12),"",'2. Technical Details'!C12) | P12: =SUM(D12:N12) -> 0 | Q12: =SUM(D12:O12) -> 0 | W12: =SUM(R12:V12) -> 0 | X12: =IFERROR(P12/'2. Technical Details'!J12,"") | Y12: =IFERROR(SUM(D12:I12,L12:M12)/'2. Technical Details'!J12,"") | Z12: =IFERROR(P12/E12,"") | AA12: =IFERROR(F12/'2. Technical Details'!P12,"") | AB12: =IFERROR(W12/'2. Technical Details'!J12,"")
C13: =IF(ISBLANK('2. Technical Details'!C13),"",'2. Technical Details'!C13) | P13: =SUM(D13:N13) -> 0 | Q13: =SUM(D13:O13) -> 0 | W13: =SUM(R13:V13) -> 0 | X13: =IFERROR(P13/'2. Technical Details'!J13,"") | Y13: =IFERROR(SUM(D13:I13,L13:M13)/'2. Technical Details'!J13,"") | Z13: =IFERROR(P13/E13,"") | AA13: =IFERROR(F13/'2. Technical Details'!P13,"") | AB13: =IFERROR(W13/'2. Technical Details'!J13,"")
C14: =IF(ISBLANK('2. Technical Details'!C14),"",'2. Technical Details'!C14) | P14: =SUM(D14:N14) -> 0 | Q14: =SUM(D14:O14) -> 0 | W14: =SUM(R14:V14) -> 0 | X14: =IFERROR(P14/'2. Technical Details'!J14,"") | Y14: =IFERROR(SUM(D14:I14,L14:M14)/'2. Technical Details'!J14,"") | Z14: =IFERROR(P14/E14,"") | AA14: =IFERROR(F14/'2. Technical Details'!P14,"") | AB14: =IFERROR(W14/'2. Technical Details'!J14,"")
C15: =IF(ISBLANK('2. Technical Details'!C15),"",'2. Technical Details'!C15) | P15: =SUM(D15:N15) -> 0 | Q15: =SUM(D15:O15) -> 0 | W15: =SUM(R15:V15) -> 0 | X15: =IFERROR(P15/'2. Technical Details'!J15,"") | Y15: =IFERROR(SUM(D15:I15,L15:M15)/'2. Technical Details'!J15,"") | Z15: =IFERROR(P15/E15,"") | AA15: =IFERROR(F15/'2. Technical Details'!P15,"") | AB15: =IFERROR(W15/'2. Technical Details'!J15,"")
C16: =IF(ISBLANK('2. Technical Details'!C16),"",'2. Technical Details'!C16) | P16: =SUM(D16:N16) -> 0 | Q16: =SUM(D16:O16) -> 0 | W16: =SUM(R16:V16) -> 0 | X16: =IFERROR(P16/'2. Technical Details'!J16,"") | Y16: =IFERROR(SUM(D16:I16,L16:M16)/'2. Technical Details'!J16,"") | Z16: =IFERROR(P16/E16,"") | AA16: =IFERROR(F16/'2. Technical Details'!P16,"") | AB16: =IFERROR(W16/'2. Technical Details'!J16,"")
C17: =IF(ISBLANK('2. Technical Details'!C17),"",'2. Technical Details'!C17) | P17: =SUM(D17:N17) -> 0 | Q17: =SUM(D17:O17) -> 0 | W17: =SUM(R17:V17) -> 0 | X17: =IFERROR(P17/'2. Technical Details'!J17,"") | Y17: =IFERROR(SUM(D17:I17,L17:M17)/'2. Technical Details'!J17,"") | Z17: =IFERROR(P17/E17,"") | AA17: =IFERROR(F17/'2. Technical Details'!P17,"") | AB17: =IFERROR(W17/'2. Technical Details'!J17,"")
C18: =IF(ISBLANK('2. Technical Details'!C18),"",'2. Technical Details'!C18) | P18: =SUM(D18:N18) -> 0 | Q18: =SUM(D18:O18) -> 0 | W18: =SUM(R18:V18) -> 0 | X18: =IFERROR(P18/'2. Technical Details'!J18,"") | Y18: =IFERROR(SUM(D18:I18,L18:M18)/'2. Technical Details'!J18,"") | Z18: =IFERROR(P18/E18,"") | AA18: =IFERROR(F18/'2. Technical Details'!P18,"") | AB18: =IFERROR(W18/'2. Technical Details'!J18,"")
C19: =IF(ISBLANK('2. Technical Details'!C19),"",'2. Technical Details'!C19) | P19: =SUM(D19:N19) -> 0 | Q19: =SUM(D19:O19) -> 0 | W19: =SUM(R19:V19) -> 0 | X19: =IFERROR(P19/'2. Technical Details'!J19,"") | Y19: =IFERROR(SUM(D19:I19,L19:M19)/'2. Technical Details'!J19,"") | Z19: =IFERROR(P19/E19,"") | AA19: =IFERROR(F19/'2. Technical Details'!P19,"") | AB19: =IFERROR(W19/'2. Technical Details'!J19,"")
C20: =IF(ISBLANK('2. Technical Details'!C20),"",'2. Technical Details'!C20) | P20: =SUM(D20:N20) -> 0 | Q20: =SUM(D20:O20) -> 0 | W20: =SUM(R20:V20) -> 0 | X20: =IFERROR(P20/'2. Technical Details'!J21,"") | Y20: =IFERROR(SUM(D20:I20,L20:M20)/'2. Technical Details'!J20,"") | Z20: =IFERROR(P20/E20,"") | AA20: =IFERROR(F20/'2. Technical Details'!P20,"") | AB20: =IFERROR(W20/'2. Technical Details'!J20,"")
C21: =IF(ISBLANK('2. Technical Details'!C21),"",'2. Technical Details'!C21) | P21: =SUM(D21:N21) -> 0 | Q21: =SUM(D21:O21) -> 0 | W21: =SUM(R21:V21) -> 0 | X21: =IFERROR(P21/'2. Technical Details'!J22,"") | Y21: =IFERROR(SUM(D21:I21,L21:M21)/'2. Technical Details'!J21,"") | Z21: =IFERROR(P21/E21,"") | AA21: =IFERROR(F21/'2. Technical Details'!P21,"") | AB21: =IFERROR(W21/'2. Technical Details'!J21,"")
C22: =IF(ISBLANK('2. Technical Details'!C22),"",'2. Technical Details'!C22) | P22: =SUM(D22:N22) -> 0 | Q22: =SUM(D22:O22) -> 0 | W22: =SUM(R22:V22) -> 0 | X22: =IFERROR(P22/'2. Technical Details'!#REF!,"") | Y22: =IFERROR(SUM(D22:I22,L22:M22)/'2. Technical Details'!J22,"") | Z22: =IFERROR(P22/E22,"") | AA22: =IFERROR(F22/'2. Technical Details'!P22,"") | AB22: =IFERROR(W22/'2. Technical Details'!J22,"")
C23: =IF(ISBLANK('2. Technical Details'!C23),"",'2. Technical Details'!C23) | P23: =SUM(D23:N23) -> 0 | Q23: =SUM(D23:O23) -> 0 | W23: =SUM(R23:V23) -> 0 | X23: =IFERROR(P23/'2. Technical Details'!J23,"") | Y23: =IFERROR(SUM(D23:I23,L23:M23)/'2. Technical Details'!J23,"") | Z23: =IFERROR(P23/E23,"") | AA23: =IFERROR(F23/'2. Technical Details'!P23,"") | AB23: =IFERROR(W23/'2. Technical Details'!J23,"")
C24: =IF(ISBLANK('2. Technical Details'!C24),"",'2. Technical Details'!C24) | D24: =SUM(D9:D23) -> 0 | E24: =SUM(E9:E23) -> 0 | F24: =SUM(F9:F23) -> 0 | G24: =SUM(G9:G23) -> 0 | H24: =SUM(H9:H23) -> 0 | I24: =SUM(I9:I23) -> 0 | J24: =SUM(J9:J23) -> 0 | K24: =SUM(K9:K23) -> 0 | ... W24: =SUM(W9:W23) -> 0
C26: 4.2 Savings & Payback
D29: Tariffs (£/kWh) | M29: Savings | S29: Metrics & checks
C30: Project | D30: Current Tariff 1 (tariff at main time of generation i.e. daytime for PV, or PPA rate if sold) | E30: Forecast Tariff 1 (avg. tariff over next 10yrs) | F30: 'Average' inflation applied | G30: Current Tariff 2 (used for savings of battery energy storage) | H30: Forecast Tariff 2 (avg. tariff over next 10yrs) | I30: 'Average' inflation applied | J30: Current Export Tariff (used for income of export to grid) | K30: Forecast Export Tariff (avg. tariff over next 10yrs) | L30: 'Average' inflation applied | M30: Onsite electricity savings at time of generation (tariff 1) | N30: Onsite electricity savings from batteries (tariff 2) | O30: Export Income | P30: Total annual costs | Q30: Total Savings & Income | R30: Payback | S30: Payback > 10 years?
C31: =IF(ISBLANK('2. Technical Details'!C9),"",'2. Technical Details'!C9) | F31: =IFERROR((E31/D31)^(1/5.75)-1,"") | I31: =IFERROR((H31/G31)^(1/5.75)-1,"") | L31: =IFERROR((K31/J31)^(1/5.75)-1,"") | M31: =IF(E31>0,('2. Technical Details'!L9-'2. Technical Details'!Q9)*E31,"") | N31: =IF(H31>0,'2. Technical Details'!Q9*H31,"") | O31: =IF(K31>0,'2. Technical Details'!M9*K31,"") | P31: =IF(-W9<0,-W9,"") | Q31: =IF(M31="","",SUM(M31:P31)) | R31: =IFERROR(P9/Q31,"") | S31: =IF(R31="","",(IF(R31>10,Lists!$B$5,Lists!$B$6))) | T31: Scroll down for the next section
C32: =IF(ISBLANK('2. Technical Details'!C10),"",'2. Technical Details'!C10) | F32: =IFERROR((E32/D32)^(1/5.75)-1,"") | I32: =IFERROR((H32/G32)^(1/5.75)-1,"") | L32: =IFERROR((K32/J32)^(1/5.75)-1,"") | M32: =IF(E32>0,('2. Technical Details'!L10-'2. Technical Details'!Q10)*E32,"") | N32: =IF(H32>0,'2. Technical Details'!Q10*H32,"") | O32: =IF(K32>0,'2. Technical Details'!M10*K32,"") | P32: =IF(-W10<0,-W10,"") | Q32: =IF(M32="","",SUM(M32:P32)) | R32: =IFERROR(P10/Q32,"") | S32: =IF(R32="","",(IF(R32>10,Lists!$B$5,Lists!$B$6))) | T32: ↓
C33: =IF(ISBLANK('2. Technical Details'!C11),"",'2. Technical Details'!C11) | F33: =IFERROR((E33/D33)^(1/5.75)-1,"") | I33: =IFERROR((H33/G33)^(1/5.75)-1,"") | L33: =IFERROR((K33/J33)^(1/5.75)-1,"") | M33: =IF(E33>0,('2. Technical Details'!L11-'2. Technical Details'!Q11)*E33,"") | N33: =IF(H33>0,'2. Technical Details'!Q11*H33,"") | O33: =IF(K33>0,'2. Technical Details'!M11*K33,"") | P33: =IF(-W11<0,-W11,"") | Q33: =IF(M33="","",SUM(M33:P33)) | R33: =IFERROR(P11/Q33,"") | S33: =IF(R33="","",(IF(R33>10,Lists!$B$5,Lists!$B$6))) | T33: ↙
C34: =IF(ISBLANK('2. Technical Details'!C12),"",'2. Technical Details'!C12) | F34: =IFERROR((E34/D34)^(1/5.75)-1,"") | I34: =IFERROR((H34/G34)^(1/5.75)-1,"") | L34: =IFERROR((K34/J34)^(1/5.75)-1,"") | M34: =IF(E34>0,('2. Technical Details'!L12-'2. Technical Details'!Q12)*E34,"") | N34: =IF(H34>0,'2. Technical Details'!Q12*H34,"") | O34: =IF(K34>0,'2. Technical Details'!M12*K34,"") | P34: =IF(-W12<0,-W12,"") | Q34: =IF(M34="","",SUM(M34:P34)) | R34: =IFERROR(P12/Q34,"") | S34: =IF(R34="","",(IF(R34>10,Lists!$B$5,Lists!$B$6)))
C35: =IF(ISBLANK('2. Technical Details'!C13),"",'2. Technical Details'!C13) | F35: =IFERROR((E35/D35)^(1/5.75)-1,"") | I35: =IFERROR((H35/G35)^(1/5.75)-1,"") | L35: =IFERROR((K35/J35)^(1/5.75)-1,"") | M35: =IF(E35>0,('2. Technical Details'!L13-'2. Technical Details'!Q13)*E35,"") | N35: =IF(H35>0,'2. Technical Details'!Q13*H35,"") | O35: =IF(K35>0,'2. Technical Details'!M13*K35,"") | P35: =IF(-W13<0,-W13,"") | Q35: =IF(M35="","",SUM(M35:P35)) | R35: =IFERROR(P13/Q35,"") | S35: =IF(R35="","",(IF(R35>10,Lists!$B$5,Lists!$B$6)))
C36: =IF(ISBLANK('2. Technical Details'!C14),"",'2. Technical Details'!C14) | F36: =IFERROR((E36/D36)^(1/5.75)-1,"") | I36: =IFERROR((H36/G36)^(1/5.75)-1,"") | L36: =IFERROR((K36/J36)^(1/5.75)-1,"") | M36: =IF(E36>0,('2. Technical Details'!L14-'2. Technical Details'!Q14)*E36,"") | N36: =IF(H36>0,'2. Technical Details'!Q14*H36,"") | O36: =IF(K36>0,'2. Technical Details'!M14*K36,"") | P36: =IF(-W14<0,-W14,"") | Q36: =IF(M36="","",SUM(M36:P36)) | R36: =IFERROR(P14/Q36,"") | S36: =IF(R36="","",(IF(R36>10,Lists!$B$5,Lists!$B$6)))
C37: =IF(ISBLANK('2. Technical Details'!C15),"",'2. Technical Details'!C15) | F37: =IFERROR((E37/D37)^(1/5.75)-1,"") | I37: =IFERROR((H37/G37)^(1/5.75)-1,"") | L37: =IFERROR((K37/J37)^(1/5.75)-1,"") | M37: =IF(E37>0,('2. Technical Details'!L15-'2. Technical Details'!Q15)*E37,"") | N37: =IF(H37>0,'2. Technical Details'!Q15*H37,"") | O37: =IF(K37>0,'2. Technical Details'!M15*K37,"") | P37: =IF(-W15<0,-W15,"") | Q37: =IF(M37="","",SUM(M37:P37)) | R37: =IFERROR(P15/Q37,"") | S37: =IF(R37="","",(IF(R37>10,Lists!$B$5,Lists!$B$6)))
C38: =IF(ISBLANK('2. Technical Details'!C16),"",'2. Technical Details'!C16) | F38: =IFERROR((E38/D38)^(1/5.75)-1,"") | I38: =IFERROR((H38/G38)^(1/5.75)-1,"") | L38: =IFERROR((K38/J38)^(1/5.75)-1,"") | M38: =IF(E38>0,('2. Technical Details'!L16-'2. Technical Details'!Q16)*E38,"") | N38: =IF(H38>0,'2. Technical Details'!Q16*H38,"") | O38: =IF(K38>0,'2. Technical Details'!M16*K38,"") | P38: =IF(-W16<0,-W16,"") | Q38: =IF(M38="","",SUM(M38:P38)) | R38: =IFERROR(P16/Q38,"") | S38: =IF(R38="","",(IF(R38>10,Lists!$B$5,Lists!$B$6)))
C39: =IF(ISBLANK('2. Technical Details'!C17),"",'2. Technical Details'!C17) | F39: =IFERROR((E39/D39)^(1/5.75)-1,"") | I39: =IFERROR((H39/G39)^(1/5.75)-1,"") | L39: =IFERROR((K39/J39)^(1/5.75)-1,"") | M39: =IF(E39>0,('2. Technical Details'!L17-'2. Technical Details'!Q17)*E39,"") | N39: =IF(H39>0,'2. Technical Details'!Q17*H39,"") | O39: =IF(K39>0,'2. Technical Details'!M17*K39,"") | P39: =IF(-W17<0,-W17,"") | Q39: =IF(M39="","",SUM(M39:P39)) | R39: =IFERROR(P17/Q39,"") | S39: =IF(R39="","",(IF(R39>10,Lists!$B$5,Lists!$B$6)))
C40: =IF(ISBLANK('2. Technical Details'!C18),"",'2. Technical Details'!C18) | F40: =IFERROR((E40/D40)^(1/5.75)-1,"") | I40: =IFERROR((H40/G40)^(1/5.75)-1,"") | L40: =IFERROR((K40/J40)^(1/5.75)-1,"") | M40: =IF(E40>0,('2. Technical Details'!L18-'2. Technical Details'!Q18)*E40,"") | N40: =IF(H40>0,'2. Technical Details'!Q18*H40,"") | O40: =IF(K40>0,'2. Technical Details'!M18*K40,"") | P40: =IF(-W18<0,-W18,"") | Q40: =IF(M40="","",SUM(M40:P40)) | R40: =IFERROR(P18/Q40,"") | S40: =IF(R40="","",(IF(R40>10,Lists!$B$5,Lists!$B$6)))
C41: =IF(ISBLANK('2. Technical Details'!C19),"",'2. Technical Details'!C19) | F41: =IFERROR((E41/D41)^(1/5.75)-1,"") | I41: =IFERROR((H41/G41)^(1/5.75)-1,"") | L41: =IFERROR((K41/J41)^(1/5.75)-1,"") | M41: =IF(E41>0,('2. Technical Details'!L19-'2. Technical Details'!Q19)*E41,"") | N41: =IF(H41>0,'2. Technical Details'!Q19*H41,"") | O41: =IF(K41>0,'2. Technical Details'!M19*K41,"") | P41: =IF(-W19<0,-W19,"") | Q41: =IF(M41="","",SUM(M41:P41)) | R41: =IFERROR(P19/Q41,"") | S41: =IF(R41="","",(IF(R41>10,Lists!$B$5,Lists!$B$6)))
C42: =IF(ISBLANK('2. Technical Details'!C20),"",'2. Technical Details'!C20) | F42: =IFERROR((E42/D42)^(1/5.75)-1,"") | I42: =IFERROR((H42/G42)^(1/5.75)-1,"") | L42: =IFERROR((K42/J42)^(1/5.75)-1,"") | M42: =IF(E42>0,('2. Technical Details'!L20-'2. Technical Details'!Q20)*E42,"") | N42: =IF(H42>0,'2. Technical Details'!Q20*H42,"") | O42: =IF(K42>0,'2. Technical Details'!M20*K42,"") | P42: =IF(-W20<0,-W20,"") | Q42: =IF(M42="","",SUM(M42:P42)) | R42: =IFERROR(P20/Q42,"") | S42: =IF(R42="","",(IF(R42>10,Lists!$B$5,Lists!$B$6)))
C43: =IF(ISBLANK('2. Technical Details'!C21),"",'2. Technical Details'!C21) | F43: =IFERROR((E43/D43)^(1/5.75)-1,"") | I43: =IFERROR((H43/G43)^(1/5.75)-1,"") | L43: =IFERROR((K43/J43)^(1/5.75)-1,"") | M43: =IF(E43>0,('2. Technical Details'!L21-'2. Technical Details'!Q21)*E43,"") | N43: =IF(H43>0,'2. Technical Details'!Q21*H43,"") | O43: =IF(K43>0,'2. Technical Details'!M21*K43,"") | P43: =IF(-W21<0,-W21,"") | Q43: =IF(M43="","",SUM(M43:P43)) | R43: =IFERROR(P21/Q43,"") | S43: =IF(R43="","",(IF(R43>10,Lists!$B$5,Lists!$B$6)))
C44: =IF(ISBLANK('2. Technical Details'!C22),"",'2. Technical Details'!C22) | F44: =IFERROR((E44/D44)^(1/5.75)-1,"") | I44: =IFERROR((H44/G44)^(1/5.75)-1,"") | L44: =IFERROR((K44/J44)^(1/5.75)-1,"") | M44: =IF(E44>0,('2. Technical Details'!L22-'2. Technical Details'!Q22)*E44,"") | N44: =IF(H44>0,'2. Technical Details'!Q22*H44,"") | O44: =IF(K44>0,'2. Technical Details'!M22*K44,"") | P44: =IF(-W22<0,-W22,"") | Q44: =IF(M44="","",SUM(M44:P44)) | R44: =IFERROR(P22/Q44,"") | S44: =IF(R44="","",(IF(R44>10,Lists!$B$5,Lists!$B$6)))
C45: =IF(ISBLANK('2. Technical Details'!C23),"",'2. Technical Details'!C23) | F45: =IFERROR((E45/D45)^(1/5.75)-1,"") | I45: =IFERROR((H45/G45)^(1/5.75)-1,"") | L45: =IFERROR((K45/J45)^(1/5.75)-1,"") | M45: =IF(E45>0,('2. Technical Details'!L23-'2. Technical Details'!Q23)*E45,"") | N45: =IF(H45>0,'2. Technical Details'!Q23*H45,"") | O45: =IF(K45>0,'2. Technical Details'!M23*K45,"") | P45: =IF(-W23<0,-W23,"") | Q45: =IF(M45="","",SUM(M45:P45)) | R45: =IFERROR(P23/Q45,"") | S45: =IF(R45="","",(IF(R45>10,Lists!$B$5,Lists!$B$6)))
D46: =SUM(D31:D45) -> 0 | E46: =SUM(E31:E45) -> 0 | F46: =IFERROR((E46/D46-1)/5.75,"") | G46: =SUM(G31:G45) -> 0 | H46: =SUM(H31:H45) -> 0 | I46: =IFERROR((H46/G46-1)/5.75,"") | J46: =SUM(J31:J45) -> 0 | K46: =SUM(K31:K45) -> 0 | L46: =IFERROR((K46/J46-1)/5.75,"") | M46: =SUM(M31:M45) -> 0 | N46: =SUM(N31:N45) -> 0 | O46: =SUM(O31:O45) -> 0 | P46: =SUM(P31:P45) -> 0 | Q46: =SUM(Q31:Q45) -> 0 | R46: =IFERROR(P24/Q46,"")
C49: 4.3 Grant Request & Match funding
D52: Grant Request | J52: Expected claim profile - invoice evidence | L52: Match funding | T52: Metrics & checks
C53: Project | D53: Request based on >10 years payback value | E53: 40% cap (based on total project capital) | F53: Minimum 10% threshold to satisfy (total capital costs) | G53: Potential maximum Ymestyn Grant | H53: Would you like the full grant available? (Y/N) | I53: Your Ymestyn Grant Request (override if you want less than the full grant available) | J53: If awarded by the end of Feb 26 - how much would you claim in FY25/26? Note drawdowns will be the agreed proportion (up to 40%) of invoiced evidence | K53: Remaining to drawdown in 2026/27, by 30th November 26 | L53: Total match funding required (including contingency) | M53: Own capital / reserves | N53: Wales Funding Programme (Salix / WG I2S) | O53: Community enterprise funding | P53: Other Welsh Government loan | Q53: Other Welsh Government capital / grant (e.g. other WG public sector capital or Local Energy Grant) | R53: Development Bank of Wales (e.g. Local Energy Loan Fund) | S53: Other loan sources | T53: Grant request is < potential maximum Ymestyn grant (if override used for manual request) | U53: Grant request is < 10% threshold (if override manual request) | V53: Match funding breakdown equals total required
C54: =IF(ISBLANK('2. Technical Details'!C9),"",'2. Technical Details'!C9) | D54: {=_xlfn.SWITCH(S31,Lists!$B$5,(R31-10)/R31*P9,Lists!$B$6,0,"")} | E54: =IF(P9>0,P9*0.4,"") | F54: =IF(P9>0,P9*0.1,"") | G54: =IF(AND(D54>0,E54>0,D54<>"",E54<>""),IF(MIN(D54:E54)>F54,MIN(D54:E54),Lists!$F$7),"") | I54: =G54 | K54: =IFERROR(IF(I54-J54<0,Lists!$F$13,I54-J54),"") | L54: =IF(IFERROR(Q9-G54,Q9)>0,IFERROR(Q9-G54,Q9),"") | T54: =IF(I54="","",IF(I54<=G54,"OK",Lists!$F$8)) | U54: =IF(I54="","",IF(I54>=F54,"OK",Lists!$F$9)) | V54: =IF(L54="","",IF(SUM(M54:S54)=L54,Lists!$F$5,Lists!$F$6))
C55: =IF(ISBLANK('2. Technical Details'!C10),"",'2. Technical Details'!C10) | D55: {=_xlfn.SWITCH(S32,Lists!$B$5,(R32-10)/R32*P10,Lists!$B$6,0,"")} | E55: =IF(P10>0,P10*0.4,"") | F55: =IF(P10>0,P10*0.1,"") | G55: =IF(AND(D55>0,E55>0,D55<>"",E55<>""),IF(MIN(D55:E55)>F55,MIN(D55:E55),Lists!$F$7),"") | I55: =G55 | K55: =IFERROR(I55-J55,"") | L55: =IF(IFERROR(Q10-G55,Q10)>0,IFERROR(Q10-G55,Q10),"") | T55: =IF(I55="","",IF(I55<=G55,"OK",Lists!$F$8)) | U55: =IF(I55="","",IF(I55>=F55,"OK",Lists!$F$9)) | V55: =IF(L55="","",IF(SUM(M55:S55)=L55,Lists!$F$5,Lists!$F$6))
C56: =IF(ISBLANK('2. Technical Details'!C11),"",'2. Technical Details'!C11) | D56: {=_xlfn.SWITCH(S33,Lists!$B$5,(R33-10)/R33*P11,Lists!$B$6,0,"")} | E56: =IF(P11>0,P11*0.4,"") | F56: =IF(P11>0,P11*0.1,"") | G56: =IF(AND(D56>0,E56>0,D56<>"",E56<>""),IF(MIN(D56:E56)>F56,MIN(D56:E56),Lists!$F$7),"") | I56: =G56 | K56: =IFERROR(I56-J56,"") | L56: =IF(IFERROR(Q11-G56,Q11)>0,IFERROR(Q11-G56,Q11),"") | T56: =IF(I56="","",IF(I56<=G56,"OK",Lists!$F$8)) | U56: =IF(I56="","",IF(I56>=F56,"OK",Lists!$F$9)) | V56: =IF(L56="","",IF(SUM(M56:S56)=L56,Lists!$F$5,Lists!$F$6))
C57: =IF(ISBLANK('2. Technical Details'!C12),"",'2. Technical Details'!C12) | D57: {=_xlfn.SWITCH(S34,Lists!$B$5,(R34-10)/R34*P12,Lists!$B$6,0,"")} | E57: =IF(P12>0,P12*0.4,"") | F57: =IF(P12>0,P12*0.1,"") | G57: =IF(AND(D57>0,E57>0,D57<>"",E57<>""),IF(MIN(D57:E57)>F57,MIN(D57:E57),Lists!$F$7),"") | I57: =G57 | K57: =IFERROR(I57-J57,"") | L57: =IF(IFERROR(Q12-G57,Q12)>0,IFERROR(Q12-G57,Q12),"") | T57: =IF(I57="","",IF(I57<=G57,"OK",Lists!$F$8)) | U57: =IF(I57="","",IF(I57>=F57,"OK",Lists!$F$9)) | V57: =IF(L57="","",IF(SUM(M57:S57)=L57,Lists!$F$5,Lists!$F$6))
C58: =IF(ISBLANK('2. Technical Details'!C13),"",'2. Technical Details'!C13) | D58: {=_xlfn.SWITCH(S35,Lists!$B$5,(R35-10)/R35*P13,Lists!$B$6,0,"")} | E58: =IF(P13>0,P13*0.4,"") | F58: =IF(P13>0,P13*0.1,"") | G58: =IF(AND(D58>0,E58>0,D58<>"",E58<>""),IF(MIN(D58:E58)>F58,MIN(D58:E58),Lists!$F$7),"") | I58: =G58 | K58: =IFERROR(I58-J58,"") | L58: =IF(IFERROR(Q13-G58,Q13)>0,IFERROR(Q13-G58,Q13),"") | T58: =IF(I58="","",IF(I58<=G58,"OK",Lists!$F$8)) | U58: =IF(I58="","",IF(I58>=F58,"OK",Lists!$F$9)) | V58: =IF(L58="","",IF(SUM(M58:S58)=L58,Lists!$F$5,Lists!$F$6))
C59: =IF(ISBLANK('2. Technical Details'!C14),"",'2. Technical Details'!C14) | D59: {=_xlfn.SWITCH(S36,Lists!$B$5,(R36-10)/R36*P14,Lists!$B$6,0,"")} | E59: =IF(P14>0,P14*0.4,"") | F59: =IF(P14>0,P14*0.1,"") | G59: =IF(AND(D59>0,E59>0,D59<>"",E59<>""),IF(MIN(D59:E59)>F59,MIN(D59:E59),Lists!$F$7),"") | I59: =G59 | K59: =IFERROR(I59-J59,"") | L59: =IF(IFERROR(Q14-G59,Q14)>0,IFERROR(Q14-G59,Q14),"") | T59: =IF(I59="","",IF(I59<=G59,"OK",Lists!$F$8)) | U59: =IF(I59="","",IF(I59>=F59,"OK",Lists!$F$9)) | V59: =IF(L59="","",IF(SUM(M59:S59)=L59,Lists!$F$5,Lists!$F$6))
C60: =IF(ISBLANK('2. Technical Details'!C15),"",'2. Technical Details'!C15) | D60: {=_xlfn.SWITCH(S37,Lists!$B$5,(R37-10)/R37*P15,Lists!$B$6,0,"")} | E60: =IF(P15>0,P15*0.4,"") | F60: =IF(P15>0,P15*0.1,"") | G60: =IF(AND(D60>0,E60>0,D60<>"",E60<>""),IF(MIN(D60:E60)>F60,MIN(D60:E60),Lists!$F$7),"") | I60: =G60 | K60: =IFERROR(I60-J60,"") | L60: =IF(IFERROR(Q15-G60,Q15)>0,IFERROR(Q15-G60,Q15),"") | T60: =IF(I60="","",IF(I60<=G60,"OK",Lists!$F$8)) | U60: =IF(I60="","",IF(I60>=F60,"OK",Lists!$F$9)) | V60: =IF(L60="","",IF(SUM(M60:S60)=L60,Lists!$F$5,Lists!$F$6))
C61: =IF(ISBLANK('2. Technical Details'!C16),"",'2. Technical Details'!C16) | D61: {=_xlfn.SWITCH(S38,Lists!$B$5,(R38-10)/R38*P16,Lists!$B$6,0,"")} | E61: =IF(P16>0,P16*0.4,"") | F61: =IF(P16>0,P16*0.1,"") | G61: =IF(AND(D61>0,E61>0,D61<>"",E61<>""),IF(MIN(D61:E61)>F61,MIN(D61:E61),Lists!$F$7),"") | I61: =G61 | K61: =IFERROR(I61-J61,"") | L61: =IF(IFERROR(Q16-G61,Q16)>0,IFERROR(Q16-G61,Q16),"") | T61: =IF(I61="","",IF(I61<=G61,"OK",Lists!$F$8)) | U61: =IF(I61="","",IF(I61>=F61,"OK",Lists!$F$9)) | V61: =IF(L61="","",IF(SUM(M61:S61)=L61,Lists!$F$5,Lists!$F$6))
C62: =IF(ISBLANK('2. Technical Details'!C17),"",'2. Technical Details'!C17) | D62: {=_xlfn.SWITCH(S39,Lists!$B$5,(R39-10)/R39*P17,Lists!$B$6,0,"")} | E62: =IF(P17>0,P17*0.4,"") | F62: =IF(P17>0,P17*0.1,"") | G62: =IF(AND(D62>0,E62>0,D62<>"",E62<>""),IF(MIN(D62:E62)>F62,MIN(D62:E62),Lists!$F$7),"") | I62: =G62 | K62: =IFERROR(I62-J62,"") | L62: =IF(IFERROR(Q17-G62,Q17)>0,IFERROR(Q17-G62,Q17),"") | T62: =IF(I62="","",IF(I62<=G62,"OK",Lists!$F$8)) | U62: =IF(I62="","",IF(I62>=F62,"OK",Lists!$F$9)) | V62: =IF(L62="","",IF(SUM(M62:S62)=L62,Lists!$F$5,Lists!$F$6))
C63: =IF(ISBLANK('2. Technical Details'!C18),"",'2. Technical Details'!C18) | D63: {=_xlfn.SWITCH(S40,Lists!$B$5,(R40-10)/R40*P18,Lists!$B$6,0,"")} | E63: =IF(P18>0,P18*0.4,"") | F63: =IF(P18>0,P18*0.1,"") | G63: =IF(AND(D63>0,E63>0,D63<>"",E63<>""),IF(MIN(D63:E63)>F63,MIN(D63:E63),Lists!$F$7),"") | I63: =G63 | K63: =IFERROR(I63-J63,"") | L63: =IF(IFERROR(Q18-G63,Q18)>0,IFERROR(Q18-G63,Q18),"") | T63: =IF(I63="","",IF(I63<=G63,"OK",Lists!$F$8)) | U63: =IF(I63="","",IF(I63>=F63,"OK",Lists!$F$9)) | V63: =IF(L63="","",IF(SUM(M63:S63)=L63,Lists!$F$5,Lists!$F$6))
C64: =IF(ISBLANK('2. Technical Details'!C19),"",'2. Technical Details'!C19) | D64: {=_xlfn.SWITCH(S41,Lists!$B$5,(R41-10)/R41*P19,Lists!$B$6,0,"")} | E64: =IF(P19>0,P19*0.4,"") | F64: =IF(P19>0,P19*0.1,"") | G64: =IF(AND(D64>0,E64>0,D64<>"",E64<>""),IF(MIN(D64:E64)>F64,MIN(D64:E64),Lists!$F$7),"") | I64: =G64 | K64: =IFERROR(I64-J64,"") | L64: =IF(IFERROR(Q19-G64,Q19)>0,IFERROR(Q19-G64,Q19),"") | T64: =IF(I64="","",IF(I64<=G64,"OK",Lists!$F$8)) | U64: =IF(I64="","",IF(I64>=F64,"OK",Lists!$F$9)) | V64: =IF(L64="","",IF(SUM(M64:S64)=L64,Lists!$F$5,Lists!$F$6))
C65: =IF(ISBLANK('2. Technical Details'!C20),"",'2. Technical Details'!C20) | D65: {=_xlfn.SWITCH(S42,Lists!$B$5,(R42-10)/R42*P20,Lists!$B$6,0,"")} | E65: =IF(P20>0,P20*0.4,"") | F65: =IF(P20>0,P20*0.1,"") | G65: =IF(AND(D65>0,E65>0,D65<>"",E65<>""),IF(MIN(D65:E65)>F65,MIN(D65:E65),Lists!$F$7),"") | I65: =G65 | K65: =IFERROR(I65-J65,"") | L65: =IF(IFERROR(Q20-G65,Q20)>0,IFERROR(Q20-G65,Q20),"") | T65: =IF(I65="","",IF(I65<=G65,"OK",Lists!$F$8)) | U65: =IF(I65="","",IF(I65>=F65,"OK",Lists!$F$9)) | V65: =IF(L65="","",IF(SUM(M65:S65)=L65,Lists!$F$5,Lists!$F$6))
C66: =IF(ISBLANK('2. Technical Details'!C21),"",'2. Technical Details'!C21) | D66: {=_xlfn.SWITCH(S43,Lists!$B$5,(R43-10)/R43*P21,Lists!$B$6,0,"")} | E66: =IF(P21>0,P21*0.4,"") | F66: =IF(P21>0,P21*0.1,"") | G66: =IF(AND(D66>0,E66>0,D66<>"",E66<>""),IF(MIN(D66:E66)>F66,MIN(D66:E66),Lists!$F$7),"") | I66: =G66 | K66: =IFERROR(I66-J66,"") | L66: =IF(IFERROR(Q21-G66,Q21)>0,IFERROR(Q21-G66,Q21),"") | T66: =IF(I66="","",IF(I66<=G66,"OK",Lists!$F$8)) | U66: =IF(I66="","",IF(I66>=F66,"OK",Lists!$F$9)) | V66: =IF(L66="","",IF(SUM(M66:S66)=L66,Lists!$F$5,Lists!$F$6))
... C68: =IF(ISBLANK('2. Technical Details'!C23),"",'2. Technical Details'!C23) | D68: {=_xlfn.SWITCH(S45,Lists!$B$5,(R45-10)/R45*P23,Lists!$B$6,0,"")} | E68: =IF(P23>0,P23*0.4,"") | F68: =IF(P23>0,P23*0.1,"") | G68: =IF(AND(D68>0,E68>0,D68<>"",E68<>""),IF(MIN(D68:E68)>F68,MIN(D68:E68),Lists!$F$7),"") | I68: =G68 | K68: =IFERROR(I68-J68,"") | L68: =IF(IFERROR(Q23-G68,Q23)>0,IFERROR(Q23-G68,Q23),"") | T68: =IF(I68="","",IF(I68<=G68,"OK",Lists!$F$8)) | U68: =IF(I68="","",IF(I68>=F68,"OK",Lists!$F$9)) | V68: =IF(L68="","",IF(SUM(M68:S68)=L68,Lists!$F$5,Lists!$F$6))
D69: =_xlfn.AGGREGATE(9,3,D54:D68) -> 0 | E69: =_xlfn.AGGREGATE(9,3,E54:E68) -> 0 | G69: =_xlfn.AGGREGATE(9,3,G54:G68) -> 0 | I69: =_xlfn.AGGREGATE(9,3,I54:I68) -> 0 | J69: =_xlfn.AGGREGATE(9,3,J54:J68) -> 0 | K69: =_xlfn.AGGREGATE(9,3,K54:K68) -> 0 | L69: =SUM(L54:L68) -> 0 | M69: =SUM(M54:M68) -> 0 | N69: =SUM(N54:N68) -> 0 | O69: =SUM(O54:O68) -> 0 | P69: =SUM(P54:P68) -> 0 | Q69: =SUM(Q54:Q68) -> 0 | R69: =SUM(R54:R68) -> 0 | S69: =SUM(S54:S68) -> 0
B72: End of Sheet

Sheet 5. Risks
C2: 5. Risk Assessment
C4: Description of Risk to Project Delivery | D4: Potential Impact (1-5) | E4: Likelihood (1-5) | F4: Risk Rating (unmitigated) | G4: Proposed Mitigation (if any) | H4: Post mitigation Potential Impact (1-5) | I4: Post mitigation Likelihood (1-5) | J4: Risk Rating (mitigated)
F5: =D5*E5 -> 0 | J5: =H5*I5 -> 0
F6: =D6*E6 -> 0 | J6: =H6*I6 -> 0
F7: =D7*E7 -> 0 | J7: =H7*I7 -> 0
F8: =D8*E8 -> 0 | J8: =H8*I8 -> 0
F9: =D9*E9 -> 0 | J9: =H9*I9 -> 0
F10: =D10*E10 -> 0 | J10: =H10*I10 -> 0
F11: =D11*E11 -> 0 | J11: =H11*I11 -> 0
F12: =D12*E12 -> 0 | J12: =H12*I12 -> 0
F13: =D13*E13 -> 0 | J13: =H13*I13 -> 0
F14: =D14*E14 -> 0 | J14: =H14*I14 -> 0
C16: Note: please consider modern slavery in the supply chain as a risk for solar PV projects
B19: End of Sheet

Sheet 6. Summary & Declaration
C2: 6. Summary & Declaration
C5: 6.1 Completeness Check
G7: Complete?
E8: 1. Questions | G8: FALSE
E10: 2. Technical Details | G10: FALSE
E12: 3. Deliverability Details | G12: FALSE
E14: 4. Financial Details | G14: FALSE
E16: 5. Risks | G16: FALSE
E18: 6. Summary & Declaration | G18: FALSE
G20: =IF(G8*G10*G12*G14*G16*G18=0,Lists!F10,"") -> Not all checkboxes checked
C21: 6.2 Applicant Details
C23: Organisation | E23: Applicant Organisation
E24: Organisation Type
E25: Applicant Postal Address
C27: Key Contact / Applicant | E27: Key Contact Name
E28: Key Contact Job Title
E29: Key Contact Email Address
E30: Key Contact Phone Number
C32: Sponsoring Director | E32: Sponsoring Director Name
E33: Sponsoring Director Job Title
E34: Sponsoring Director Email Address
E35: Sponsoring Director Phone Number
C37: Finance Director | E37: Finance Director Name
E38: Finance Director Job Title
E39: Finance Director Email Address
E40: Finance Director Phone Number
C42: Finance Administration Contact | E42: Finance Contact Name
E43: Finance Contact Job Title
E44: Finance Contact Email Address
E45: Finance Contact Phone Number
C47: Additional Contact 1 (optional) | E47: Role on the Project
E48: Name
E49: Job Title
E50: Email Address
E51: Phone Number
C53: Additional Contact 2 (optional) | E53: Role on the Project
E54: Name
E55: Job Title
E56: Email Address
E57: Phone Number
C59: Organisation 2 - if private wire PPA to a customer | E59: Organisation
E60: Name
E61: Job Title
E62: Email Address
E63: Phone Number
C66: 6.3 Supporting Information
G68: Attached? | J68: Document name(s) including three letter file type
C69: Design documents or Investment Grade Proposal demonstrating that project is technically feasible | G69: FALSE
C71: Project plan and timelines | G71: FALSE
C73: Evidence of energy calculations (including on-site self-consumption, battery usage etc) | G73: FALSE
C75: Suppliers quote for the works (principle contractor / client engineer / other specialists) | G75: FALSE
C77: Evidence of other supporting costs (O&M costs / DNO cost) | G77: FALSE
C79: Evidence of current tariffs (day / night / export / PPA) | G79: FALSE
C81: Copy of other Welsh Government Funding applications for match costs (e.g. Salix Wales Funding Programme) | G81: FALSE
C83: Evidence that any complementary funding is in place e.g. letters confirming funding | G83: FALSE
C85: Modern slavery statement (if available, otherwise an ethical supply chain statement) | G85: FALSE
C87: 6.4 Financial Summary
F89: Request per site | J89: Matchfunding breakdown
E90: Name | F90: Ymestyn Grant request | G90: Total investment cost exc. contingency | H90: Percent | J90: Total match funding required (including contingency) | K90: Own capital / reserves | L90: Wales Funding Programme (Salix / WG I2S) | M90: Other Welsh Government | N90: Other
C91: =IF(ISBLANK('2. Technical Details'!C9),"",'2. Technical Details'!C9) | F91: ='4. Financial Detail'!I54 | G91: =IF('4. Financial Detail'!P9=0,"",'4. Financial Detail'!P9) | H91: =IFERROR(F91/G91,"") | J91: ='4. Financial Detail'!L54 | K91: =IF('4. Financial Detail'!M54>0,'4. Financial Detail'!M54,"") | L91: =IF('4. Financial Detail'!N54>0,'4. Financial Detail'!N54,"") | M91: =IF(SUM('4. Financial Detail'!P54:Q54)>0,SUM('4. Financial Detail'!P54:Q54),"") | N91: =IF(SUM('4. Financial Detail'!O54,'4. Financial Detail'!R54:S54)>0,SUM('4. Financial Detail'!O54,'4. Financial Detail'!R54:S54),"")
C92: =IF(ISBLANK('2. Technical Details'!C10),"",'2. Technical Details'!C10) | F92: ='4. Financial Detail'!I55 | G92: =IF('4. Financial Detail'!P10=0,"",'4. Financial Detail'!P10) | H92: =IFERROR(F92/G92,"") | J92: ='4. Financial Detail'!L55 | K92: =IF('4. Financial Detail'!M55>0,'4. Financial Detail'!M55,"") | L92: =IF('4. Financial Detail'!N55>0,'4. Financial Detail'!N55,"") | M92: =IF(SUM('4. Financial Detail'!P55:Q55)>0,SUM('4. Financial Detail'!P55:Q55),"") | N92: =IF(SUM('4. Financial Detail'!O55,'4. Financial Detail'!R55:S55)>0,SUM('4. Financial Detail'!O55,'4. Financial Detail'!R55:S55),"")
C93: =IF(ISBLANK('2. Technical Details'!C11),"",'2. Technical Details'!C11) | F93: ='4. Financial Detail'!I56 | G93: =IF('4. Financial Detail'!P11=0,"",'4. Financial Detail'!P11) | H93: =IFERROR(F93/G93,"") | J93: ='4. Financial Detail'!L56 | K93: =IF('4. Financial Detail'!M56>0,'4. Financial Detail'!M56,"") | L93: =IF('4. Financial Detail'!N56>0,'4. Financial Detail'!N56,"") | M93: =IF(SUM('4. Financial Detail'!P56:Q56)>0,SUM('4. Financial Detail'!P56:Q56),"") | N93: =IF(SUM('4. Financial Detail'!O56,'4. Financial Detail'!R56:S56)>0,SUM('4. Financial Detail'!O56,'4. Financial Detail'!R56:S56),"")
C94: =IF(ISBLANK('2. Technical Details'!C12),"",'2. Technical Details'!C12) | F94: ='4. Financial Detail'!I57 | G94: =IF('4. Financial Detail'!P12=0,"",'4. Financial Detail'!P12) | H94: =IFERROR(F94/G94,"") | J94: ='4. Financial Detail'!L57 | K94: =IF('4. Financial Detail'!M57>0,'4. Financial Detail'!M57,"") | L94: =IF('4. Financial Detail'!N57>0,'4. Financial Detail'!N57,"") | M94: =IF(SUM('4. Financial Detail'!P57:Q57)>0,SUM('4. Financial Detail'!P57:Q57),"") | N94: =IF(SUM('4. Financial Detail'!O57,'4. Financial Detail'!R57:S57)>0,SUM('4. Financial Detail'!O57,'4. Financial Detail'!R57:S57),"")
C95: =IF(ISBLANK('2. Technical Details'!C13),"",'2. Technical Details'!C13) | F95: ='4. Financial Detail'!I58 | G95: =IF('4. Financial Detail'!P13=0,"",'4. Financial Detail'!P13) | H95: =IFERROR(F95/G95,"") | J95: ='4. Financial Detail'!L58 | K95: =IF('4. Financial Detail'!M58>0,'4. Financial Detail'!M58,"") | L95: =IF('4. Financial Detail'!N58>0,'4. Financial Detail'!N58,"") | M95: =IF(SUM('4. Financial Detail'!P58:Q58)>0,SUM('4. Financial Detail'!P58:Q58),"") | N95: =IF(SUM('4. Financial Detail'!O58,'4. Financial Detail'!R58:S58)>0,SUM('4. Financial Detail'!O58,'4. Financial Detail'!R58:S58),"")
C96: =IF(ISBLANK('2. Technical Details'!C14),"",'2. Technical Details'!C14) | F96: ='4. Financial Detail'!I59 | G96: =IF('4. Financial Detail'!P14=0,"",'4. Financial Detail'!P14) | H96: =IFERROR(F96/G96,"") | J96: ='4. Financial Detail'!L59 | K96: =IF('4. Financial Detail'!M59>0,'4. Financial Detail'!M59,"") | L96: =IF('4. Financial Detail'!N59>0,'4. Financial Detail'!N59,"") | M96: =IF(SUM('4. Financial Detail'!P59:Q59)>0,SUM('4. Financial Detail'!P59:Q59),"") | N96: =IF(SUM('4. Financial Detail'!O59,'4. Financial Detail'!R59:S59)>0,SUM('4. Financial Detail'!O59,'4. Financial Detail'!R59:S59),"")
C97: =IF(ISBLANK('2. Technical Details'!C15),"",'2. Technical Details'!C15) | F97: ='4. Financial Detail'!I60 | G97: =IF('4. Financial Detail'!P15=0,"",'4. Financial Detail'!P15) | H97: =IFERROR(F97/G97,"") | J97: ='4. Financial Detail'!L60 | K97: =IF('4. Financial Detail'!M60>0,'4. Financial Detail'!M60,"") | L97: =IF('4. Financial Detail'!N60>0,'4. Financial Detail'!N60,"") | M97: =IF(SUM('4. Financial Detail'!P60:Q60)>0,SUM('4. Financial Detail'!P60:Q60),"") | N97: =IF(SUM('4. Financial Detail'!O60,'4. Financial Detail'!R60:S60)>0,SUM('4. Financial Detail'!O60,'4. Financial Detail'!R60:S60),"")
C98: =IF(ISBLANK('2. Technical Details'!C16),"",'2. Technical Details'!C16) | F98: ='4. Financial Detail'!I61 | G98: =IF('4. Financial Detail'!P16=0,"",'4. Financial Detail'!P16) | H98: =IFERROR(F98/G98,"") | J98: ='4. Financial Detail'!L61 | K98: =IF('4. Financial Detail'!M61>0,'4. Financial Detail'!M61,"") | L98: =IF('4. Financial Detail'!N61>0,'4. Financial Detail'!N61,"") | M98: =IF(SUM('4. Financial Detail'!P61:Q61)>0,SUM('4. Financial Detail'!P61:Q61),"") | N98: =IF(SUM('4. Financial Detail'!O61,'4. Financial Detail'!R61:S61)>0,SUM('4. Financial Detail'!O61,'4. Financial Detail'!R61:S61),"")
C99: =IF(ISBLANK('2. Technical Details'!C17),"",'2. Technical Details'!C17) | F99: ='4. Financial Detail'!I62 | G99: =IF('4. Financial Detail'!P17=0,"",'4. Financial Detail'!P17) | H99: =IFERROR(F99/G99,"") | J99: ='4. Financial Detail'!L62 | K99: =IF('4. Financial Detail'!M62>0,'4. Financial Detail'!M62,"") | L99: =IF('4. Financial Detail'!N62>0,'4. Financial Detail'!N62,"") | M99: =IF(SUM('4. Financial Detail'!P62:Q62)>0,SUM('4. Financial Detail'!P62:Q62),"") | N99: =IF(SUM('4. Financial Detail'!O62,'4. Financial Detail'!R62:S62)>0,SUM('4. Financial Detail'!O62,'4. Financial Detail'!R62:S62),"")
C100: =IF(ISBLANK('2. Technical Details'!C18),"",'2. Technical Details'!C18) | F100: ='4. Financial Detail'!I63 | G100: =IF('4. Financial Detail'!P18=0,"",'4. Financial Detail'!P18) | H100: =IFERROR(F100/G100,"") | J100: ='4. Financial Detail'!L63 | K100: =IF('4. Financial Detail'!M63>0,'4. Financial Detail'!M63,"") | L100: =IF('4. Financial Detail'!N63>0,'4. Financial Detail'!N63,"") | M100: =IF(SUM('4. Financial Detail'!P63:Q63)>0,SUM('4. Financial Detail'!P63:Q63),"") | N100: =IF(SUM('4. Financial Detail'!O63,'4. Financial Detail'!R63:S63)>0,SUM('4. Financial Detail'!O63,'4. Financial Detail'!R63:S63),"")
C101: =IF(ISBLANK('2. Technical Details'!C19),"",'2. Technical Details'!C19) | F101: ='4. Financial Detail'!I64 | G101: =IF('4. Financial Detail'!P19=0,"",'4. Financial Detail'!P19) | H101: =IFERROR(F101/G101,"") | J101: ='4. Financial Detail'!L64 | K101: =IF('4. Financial Detail'!M64>0,'4. Financial Detail'!M64,"") | L101: =IF('4. Financial Detail'!N64>0,'4. Financial Detail'!N64,"") | M101: =IF(SUM('4. Financial Detail'!P64:Q64)>0,SUM('4. Financial Detail'!P64:Q64),"") | N101: =IF(SUM('4. Financial Detail'!O64,'4. Financial Detail'!R64:S64)>0,SUM('4. Financial Detail'!O64,'4. Financial Detail'!R64:S64),"")
C102: =IF(ISBLANK('2. Technical Details'!C20),"",'2. Technical Details'!C20) | F102: ='4. Financial Detail'!I65 | G102: =IF('4. Financial Detail'!P20=0,"",'4. Financial Detail'!P20) | H102: =IFERROR(F102/G102,"") | J102: ='4. Financial Detail'!L65 | K102: =IF('4. Financial Detail'!M65>0,'4. Financial Detail'!M65,"") | L102: =IF('4. Financial Detail'!N65>0,'4. Financial Detail'!N65,"") | M102: =IF(SUM('4. Financial Detail'!P65:Q65)>0,SUM('4. Financial Detail'!P65:Q65),"") | N102: =IF(SUM('4. Financial Detail'!O65,'4. Financial Detail'!R65:S65)>0,SUM('4. Financial Detail'!O65,'4. Financial Detail'!R65:S65),"")
... C105: =IF(ISBLANK('2. Technical Details'!C23),"",'2. Technical Details'!C23) | F105: ='4. Financial Detail'!I68 | G105: =IF('4. Financial Detail'!P23=0,"",'4. Financial Detail'!P23) | H105: =IFERROR(F105/G105,"") | J105: ='4. Financial Detail'!L68 | K105: =IF('4. Financial Detail'!M68>0,'4. Financial Detail'!M68,"") | L105: =IF('4. Financial Detail'!N68>0,'4. Financial Detail'!N68,"") | M105: =IF(SUM('4. Financial Detail'!P68:Q68)>0,SUM('4. Financial Detail'!P68:Q68),"") | N105: =IF(SUM('4. Financial Detail'!O68,'4. Financial Detail'!R68:S68)>0,SUM('4. Financial Detail'!O68,'4. Financial Detail'!R68:S68),"")
C108: Total Investment Costs (excluding contingency) | G108: ='4. Financial Detail'!P24 -> 0
C109: Total Investment Costs (including contingency) | G109: ='4. Financial Detail'!Q24 -> 0
C110: Total potential grant offer (sum of each per project line) | G110: ='4. Financial Detail'!G69 -> 0
C111: Total Requested Ymestyn Grant | G111: ='4. Financial Detail'!I69 -> 0
C112: % Grant of total investment costs exc. contingency | G112: =IFERROR(G111/G108,"")
C114: Expected drawdown profile | G114: Financial Year 25/26 | K114: Financial Year 26/27
G115: ='4. Financial Detail'!J69 -> 0 | K115: ='4. Financial Detail'!K69 -> 0
C117: Expected drawdown profile (based on milestones) | G117: Financial Year 25/26 | J117: Financial Year 26/27
E118: Expected drawdowns must total the 'Total Requested Ymestyn grant' | G118: Date | H118: =G115 -> 0 | J118: Date
J119: Date
J120: Date | L120: =IF(SUM(K118:K120)=K115,Lists!$F$5,Lists!$F$6) -> OK
C122: Total match funding required (including contingency) | G122: =G109-G111 -> 0
E123: compromising
C124: Own capital / reserves | G124: ='4. Financial Detail'!M69 -> 0
C125: Wales Funding Programme (Salix / WG Invest to save) | G125: ='4. Financial Detail'!N69 -> 0
C126: Community enterprise | G126: ='4. Financial Detail'!O69 -> 0
C127: Other Welsh Government sourced Loan | G127: ='4. Financial Detail'!P69 -> 0
C128: Other Welsh Government sourced Capital / Grant | G128: ='4. Financial Detail'!Q69 -> 0
C129: Development Bank of Wales | G129: ='4. Financial Detail'!R69 -> 0
C130: Other | G130: ='4. Financial Detail'!S69 -> 0 | H130: =IF(SUM(G124:G130)=G122,Lists!$F$5,Lists!$F$6) -> OK
C132: 6.5 Declaration
C134: We confirm our organisation either owns or has long term leases that will retain the sites for at least 10 years | G134: FALSE
C136: We confirm the proposed works are yet to start | G136: FALSE
C137: .
C138: We confirm that no site / project is part of a new build or major refurbishment programme of works | G138: FALSE
C140: We confirm the proposed works will be completed by 30th November 2026 | G140: FALSE
C142: We confirm that match funding is already secured or applied for. Any outstanding approvals will be required for Ymestyn award, and keep the Energy Service informed of progress / issues. We understand matchfunding must available to match each Ymestyn drawdown request. | G142: FALSE
C144: We confirm that we understand drawdown of funding will be in arrears | G144: FALSE
...

Sheet Trackerhelper
B3: Project Details | C3: Project Details | D3: Project Details | E3: Project Details | F3: Project Details | G3: Project Details | H3: Project Details | I3: Project Details | J3: Grant Request | K3: Grant Request | L3: Grant Request | M3: Grant Request | N3: Grant Request | O3: Grant Request | P3: Grant Request | Q3: Grant Request | R3: Grant Request | S3: Technical | T3: Technical | U3: Technical | V3: Technical | W3: Technical | X3: Technical | Y3: Technical | Z3: Technical | AA3: Technical | AB3: Metrics | AC3: Metrics | AD3: Metrics | AE3: Metrics | AF3: Metrics | AG3: Metrics | AH3: Metrics | AI3: Metrics | AJ3: Deliverability | AK3: Deliverability | AL3: Deliverability | AM3: Deliverability | AN3: Match funding | AO3: Match funding | AP3: Match funding | AQ3: Match funding | AR3: Match funding | AS3: Match funding | AT3: Match funding | AU3: Match funding
B4: Project | C4: Organisation | D4: Organisation Type | E4: Site Name | F4: Type of site | G4: Technology | H4: Size (kWp Output) | I4: Battery storage (Y/N) | J4: Ymestyn Grant Requested | K4: Request as % of investment exc. Contingency | L4: Requested full available grant | M4: If awarded by the end of Feb 26 - how much would you claim in FY25/26? Note drawdowns will be the agreed proportion (up to 40%) of invoiced evidence | N4: Remaining to drawdown in 2026/27, by 30th November 26 | O4: Total investment cost exc. contingency for payback calculation | P4: Total investment cost inc. contingency | Q4: Total Savings & Income - annual costs | R4: Payback | S4: Electricity use: current or projected, used as baseline for design (kWh annual) | T4: Is your project an addition or extension to a existing renewables project? | U4: KWh generation (annual) | V4: Used onsite | W4: export | X4: kWh battery storage size | Y4: Battery use onsite | Z4: Battery use as export | AA4: Batteries also charged for use from import electricity? (Y/N) | AB4: % use onsite | AC4: %export | AD4: kWh generated / kWp installed | AE4: Generation kWh / Battery kWh size | AF4: £/kWp of total investment costs exc. contingency | AG4: £/kWp to total exc. private wire, land, DNO, and contingency | AH4: £/kWp main equipment cost | AI4: £/kWh battery costs | AJ4: Please indicate the project position on designs | AK4: Please indicate the project position on planning permission | AL4: Principle contractor for supply & install: procurement stage | AM4: DNO upgrade or grid connection contracting | AN4: Total match funding required (including contingency) | AO4: Own capital / reserves | AP4: Wales Funding Programme (Salix / WG I2S) | AQ4: Community enterprise funding | AR4: Other Welsh Government loan | AS4: Other Welsh Government capital / grant | AT4: Development Bank of Wales | AU4: Other loan sources
B5: ='2. Technical Details'!C9 -> 0 | C5: ='6. Summary & Declaration'!$G$23 -> 0 | D5: ='6. Summary & Declaration'!$G$24 -> 0 | E5: ='2. Technical Details'!D9 -> 0 | F5: ='2. Technical Details'!F9 -> 0 | G5: ='2. Technical Details'!I9 -> 0 | H5: ='2. Technical Details'!J9 -> 0 | I5: ='2. Technical Details'!O9 -> 0 | J5: ='4. Financial Detail'!I54 | K5: ='6. Summary & Declaration'!H91 | L5: ='4. Financial Detail'!H54 -> 0 | M5: ='4. Financial Detail'!J54 -> 0 | N5: ='4. Financial Detail'!K54 | O5: ='4. Financial Detail'!P9 -> 0 | P5: ='4. Financial Detail'!Q9 -> 0 | Q5: ='4. Financial Detail'!Q31 | R5: ='4. Financial Detail'!R31 | S5: ='2. Technical Details'!G9 -> 0 | T5: ='2. Technical Details'!H9 -> 0 | U5: ='2. Technical Details'!K9 -> 0 | V5: ='2. Technical Details'!L9 -> 0 | W5: ='2. Technical Details'!M9 -> 0 | X5: ='2. Technical Details'!P9 -> 0 | Y5: ='2. Technical Details'!Q9 -> 0 | Z5: ='2. Technical Details'!R9 -> 0 | AA5: ='2. Technical Details'!S9 -> 0 | AB5: ='2. Technical Details'!U9 | AC5: ='2. Technical Details'!V9 | AD5: ='2. Technical Details'!Y9 | AE5: ='2. Technical Details'!AA9 | AF5: ='4. Financial Detail'!X9 | AG5: ='4. Financial Detail'!X9 | AH5: ='4. Financial Detail'!Y9 | AI5: ='4. Financial Detail'!AA9 | AJ5: ='3. Deliverability Details'!D9 -> 0 | AK5: ='3. Deliverability Details'!E9 -> 0 | AL5: ='3. Deliverability Details'!M9 -> 0 | AM5: ='3. Deliverability Details'!P9 -> 0 | AN5: ='4. Financial Detail'!L54 | AO5: ='4. Financial Detail'!M54 -> 0 | AP5: ='4. Financial Detail'!N54 -> 0 | AQ5: ='4. Financial Detail'!O54 -> 0 | AR5: ='4. Financial Detail'!P54 -> 0 | AS5: ='4. Financial Detail'!Q54 -> 0 | AT5: ='4. Financial Detail'!R54 -> 0 | AU5: ='4. Financial Detail'!S54 -> 0
B6: ='2. Technical Details'!C10 -> 0 | C6: ='6. Summary & Declaration'!$G$23 -> 0 | D6: ='6. Summary & Declaration'!$G$24 -> 0 | E6: ='2. Technical Details'!D10 -> 0 | F6: ='2. Technical Details'!F10 -> 0 | G6: ='2. Technical Details'!I10 -> 0 | H6: ='2. Technical Details'!J10 -> 0 | I6: ='2. Technical Details'!O10 -> 0 | J6: ='4. Financial Detail'!I55 | K6: ='6. Summary & Declaration'!H92 | L6: ='4. Financial Detail'!H55 -> 0 | M6: ='4. Financial Detail'!J55 -> 0 | N6: ='4. Financial Detail'!K55 | O6: ='4. Financial Detail'!P10 -> 0 | P6: ='4. Financial Detail'!Q10 -> 0 | Q6: ='4. Financial Detail'!Q32 | R6: ='4. Financial Detail'!R32 | S6: ='2. Technical Details'!G10 -> 0 | T6: ='2. Technical Details'!H10 -> 0 | U6: ='2. Technical Details'!K10 -> 0 | V6: ='2. Technical Details'!L10 -> 0 | W6: ='2. Technical Details'!M10 -> 0 | X6: ='2. Technical Details'!P10 -> 0 | Y6: ='2. Technical Details'!Q10 -> 0 | Z6: ='2. Technical Details'!R10 -> 0 | AA6: ='2. Technical Details'!S10 -> 0 | AB6: ='2. Technical Details'!U10 | AC6: ='2. Technical Details'!V10 | AD6: ='2. Technical Details'!Y10 | AE6: ='2. Technical Details'!AA10 | AF6: ='4. Financial Detail'!X10 | AG6: ='4. Financial Detail'!X10 | AH6: ='4. Financial Detail'!Y10 | AI6: ='4. Financial Detail'!AA10 | AJ6: ='3. Deliverability Details'!D10 -> 0 | AK6: ='3. Deliverability Details'!E10 -> 0 | AL6: ='3. Deliverability Details'!M10 -> 0 | AM6: ='3. Deliverability Details'!P10 -> 0 | AN6: ='4. Financial Detail'!L55 | AO6: ='4. Financial Detail'!M55 -> 0 | AP6: ='4. Financial Detail'!N55 -> 0 | AQ6: ='4. Financial Detail'!O55 -> 0 | AR6: ='4. Financial Detail'!P55 -> 0 | AS6: ='4. Financial Detail'!Q55 -> 0 | AT6: ='4. Financial Detail'!R55 -> 0 | AU6: ='4. Financial Detail'!S55 -> 0
B7: ='2. Technical Details'!C11 -> 0 | C7: ='6. Summary & Declaration'!$G$23 -> 0 | D7: ='6. Summary & Declaration'!$G$24 -> 0 | E7: ='2. Technical Details'!D11 -> 0 | F7: ='2. Technical Details'!F11 -> 0 | G7: ='2. Technical Details'!I11 -> 0 | H7: ='2. Technical Details'!J11 -> 0 | I7: ='2. Technical Details'!O11 -> 0 | J7: ='4. Financial Detail'!I56 | K7: ='6. Summary & Declaration'!H93 | L7: ='4. Financial Detail'!H56 -> 0 | M7: ='4. Financial Detail'!J56 -> 0 | N7: ='4. Financial Detail'!K56 | O7: ='4. Financial Detail'!P11 -> 0 | P7: ='4. Financial Detail'!Q11 -> 0 | Q7: ='4. Financial Detail'!Q33 | R7: ='4. Financial Detail'!R33 | S7: ='2. Technical Details'!G11 -> 0 | T7: ='2. Technical Details'!H11 -> 0 | U7: ='2. Technical Details'!K11 -> 0 | V7: ='2. Technical Details'!L11 -> 0 | W7: ='2. Technical Details'!M11 -> 0 | X7: ='2. Technical Details'!P11 -> 0 | Y7: ='2. Technical Details'!Q11 -> 0 | Z7: ='2. Technical Details'!R11 -> 0 | AA7: ='2. Technical Details'!S11 -> 0 | AB7: ='2. Technical Details'!U11 | AC7: ='2. Technical Details'!V11 | AD7: ='2. Technical Details'!Y11 | AE7: ='2. Technical Details'!AA11 | AF7: ='4. Financial Detail'!X11 | AG7: ='4. Financial Detail'!X11 | AH7: ='4. Financial Detail'!Y11 | AI7: ='4. Financial Detail'!AA11 | AJ7: ='3. Deliverability Details'!D11 -> 0 | AK7: ='3. Deliverability Details'!E11 -> 0 | AL7: ='3. Deliverability Details'!M11 -> 0 | AM7: ='3. Deliverability Details'!P11 -> 0 | AN7: ='4. Financial Detail'!L56 | AO7: ='4. Financial Detail'!M56 -> 0 | AP7: ='4. Financial Detail'!N56 -> 0 | AQ7: ='4. Financial Detail'!O56 -> 0 | AR7: ='4. Financial Detail'!P56 -> 0 | AS7: ='4. Financial Detail'!Q56 -> 0 | AT7: ='4. Financial Detail'!R56 -> 0 | AU7: ='4. Financial Detail'!S56 -> 0
B8: ='2. Technical Details'!C12 -> 0 | C8: ='6. Summary & Declaration'!$G$23 -> 0 | D8: ='6. Summary & Declaration'!$G$24 -> 0 | E8: ='2. Technical Details'!D12 -> 0 | F8: ='2. Technical Details'!F12 -> 0 | G8: ='2. Technical Details'!I12 -> 0 | H8: ='2. Technical Details'!J12 -> 0 | I8: ='2. Technical Details'!O12 -> 0 | J8: ='4. Financial Detail'!I57 | K8: ='6. Summary & Declaration'!H94 | L8: ='4. Financial Detail'!H57 -> 0 | M8: ='4. Financial Detail'!J57 -> 0 | N8: ='4. Financial Detail'!K57 | O8: ='4. Financial Detail'!P12 -> 0 | P8: ='4. Financial Detail'!Q12 -> 0 | Q8: ='4. Financial Detail'!Q34 | R8: ='4. Financial Detail'!R34 | S8: ='2. Technical Details'!G12 -> 0 | T8: ='2. Technical Details'!H12 -> 0 | U8: ='2. Technical Details'!K12 -> 0 | V8: ='2. Technical Details'!L12 -> 0 | W8: ='2. Technical Details'!M12 -> 0 | X8: ='2. Technical Details'!P12 -> 0 | Y8: ='2. Technical Details'!Q12 -> 0 | Z8: ='2. Technical Details'!R12 -> 0 | AA8: ='2. Technical Details'!S12 -> 0 | AB8: ='2. Technical Details'!U12 | AC8: ='2. Technical Details'!V12 | AD8: ='2. Technical Details'!Y12 | AE8: ='2. Technical Details'!AA12 | AF8: ='4. Financial Detail'!X12 | AG8: ='4. Financial Detail'!X12 | AH8: ='4. Financial Detail'!Y12 | AI8: ='4. Financial Detail'!AA12 | AJ8: ='3. Deliverability Details'!D12 -> 0 | AK8: ='3. Deliverability Details'!E12 -> 0 | AL8: ='3. Deliverability Details'!M12 -> 0 | AM8: ='3. Deliverability Details'!P12 -> 0 | AN8: ='4. Financial Detail'!L57 | AO8: ='4. Financial Detail'!M57 -> 0 | AP8: ='4. Financial Detail'!N57 -> 0 | AQ8: ='4. Financial Detail'!O57 -> 0 | AR8: ='4. Financial Detail'!P57 -> 0 | AS8: ='4. Financial Detail'!Q57 -> 0 | AT8: ='4. Financial Detail'!R57 -> 0 | AU8: ='4. Financial Detail'!S57 -> 0
B9: ='2. Technical Details'!C13 -> 0 | C9: ='6. Summary & Declaration'!$G$23 -> 0 | D9: ='6. Summary & Declaration'!$G$24 -> 0 | E9: ='2. Technical Details'!D13 -> 0 | F9: ='2. Technical Details'!F13 -> 0 | G9: ='2. Technical Details'!I13 -> 0 | H9: ='2. Technical Details'!J13 -> 0 | I9: ='2. Technical Details'!O13 -> 0 | J9: ='4. Financial Detail'!I58 | K9: ='6. Summary & Declaration'!H95 | L9: ='4. Financial Detail'!H58 -> 0 | M9: ='4. Financial Detail'!J58 -> 0 | N9: ='4. Financial Detail'!K58 | O9: ='4. Financial Detail'!P13 -> 0 | P9: ='4. Financial Detail'!Q13 -> 0 | Q9: ='4. Financial Detail'!Q35 | R9: ='4. Financial Detail'!R35 | S9: ='2. Technical Details'!G13 -> 0 | T9: ='2. Technical Details'!H13 -> 0 | U9: ='2. Technical Details'!K13 -> 0 | V9: ='2. Technical Details'!L13 -> 0 | W9: ='2. Technical Details'!M13 -> 0 | X9: ='2. Technical Details'!P13 -> 0 | Y9: ='2. Technical Details'!Q13 -> 0 | Z9: ='2. Technical Details'!R13 -> 0 | AA9: ='2. Technical Details'!S13 -> 0 | AB9: ='2. Technical Details'!U13 | AC9: ='2. Technical Details'!V13 | AD9: ='2. Technical Details'!Y13 | AE9: ='2. Technical Details'!AA13 | AF9: ='4. Financial Detail'!X13 | AG9: ='4. Financial Detail'!X13 | AH9: ='4. Financial Detail'!Y13 | AI9: ='4. Financial Detail'!AA13 | AJ9: ='3. Deliverability Details'!D13 -> 0 | AK9: ='3. Deliverability Details'!E13 -> 0 | AL9: ='3. Deliverability Details'!M13 -> 0 | AM9: ='3. Deliverability Details'!P13 -> 0 | AN9: ='4. Financial Detail'!L58 | AO9: ='4. Financial Detail'!M58 -> 0 | AP9: ='4. Financial Detail'!N58 -> 0 | AQ9: ='4. Financial Detail'!O58 -> 0 | AR9: ='4. Financial Detail'!P58 -> 0 | AS9: ='4. Financial Detail'!Q58 -> 0 | AT9: ='4. Financial Detail'!R58 -> 0 | AU9: ='4. Financial Detail'!S58 -> 0
B10: ='2. Technical Details'!C14 -> 0 | C10: ='6. Summary & Declaration'!$G$23 -> 0 | D10: ='6. Summary & Declaration'!$G$24 -> 0 | E10: ='2. Technical Details'!D14 -> 0 | F10: ='2. Technical Details'!F14 -> 0 | G10: ='2. Technical Details'!I14 -> 0 | H10: ='2. Technical Details'!J14 -> 0 | I10: ='2. Technical Details'!O14 -> 0 | J10: ='4. Financial Detail'!I59 | K10: ='6. Summary & Declaration'!H96 | L10: ='4. Financial Detail'!H59 -> 0 | M10: ='4. Financial Detail'!J59 -> 0 | N10: ='4. Financial Detail'!K59 | O10: ='4. Financial Detail'!P14 -> 0 | P10: ='4. Financial Detail'!Q14 -> 0 | Q10: ='4. Financial Detail'!Q36 | R10: ='4. Financial Detail'!R36 | S10: ='2. Technical Details'!G14 -> 0 | T10: ='2. Technical Details'!H14 -> 0 | U10: ='2. Technical Details'!K14 -> 0 | V10: ='2. Technical Details'!L14 -> 0 | W10: ='2. Technical Details'!M14 -> 0 | X10: ='2. Technical Details'!P14 -> 0 | Y10: ='2. Technical Details'!Q14 -> 0 | Z10: ='2. Technical Details'!R14 -> 0 | AA10: ='2. Technical Details'!S14 -> 0 | AB10: ='2. Technical Details'!U14 | AC10: ='2. Technical Details'!V14 | AD10: ='2. Technical Details'!Y14 | AE10: ='2. Technical Details'!AA14 | AF10: ='4. Financial Detail'!X14 | AG10: ='4. Financial Detail'!X14 | AH10: ='4. Financial Detail'!Y14 | AI10: ='4. Financial Detail'!AA14 | AJ10: ='3. Deliverability Details'!D14 -> 0 | AK10: ='3. Deliverability Details'!E14 -> 0 | AL10: ='3. Deliverability Details'!M14 -> 0 | AM10: ='3. Deliverability Details'!P14 -> 0 | AN10: ='4. Financial Detail'!L59 | AO10: ='4. Financial Detail'!M59 -> 0 | AP10: ='4. Financial Detail'!N59 -> 0 | AQ10: ='4. Financial Detail'!O59 -> 0 | AR10: ='4. Financial Detail'!P59 -> 0 | AS10: ='4. Financial Detail'!Q59 -> 0 | AT10: ='4. Financial Detail'!R59 -> 0 | AU10: ='4. Financial Detail'!S59 -> 0
B11: ='2. Technical Details'!C15 -> 0 | C11: ='6. Summary & Declaration'!$G$23 -> 0 | D11: ='6. Summary & Declaration'!$G$24 -> 0 | E11: ='2. Technical Details'!D15 -> 0 | F11: ='2. Technical Details'!F15 -> 0 | G11: ='2. Technical Details'!I15 -> 0 | H11: ='2. Technical Details'!J15 -> 0 | I11: ='2. Technical Details'!O15 -> 0 | J11: ='4. Financial Detail'!I60 | K11: ='6. Summary & Declaration'!H97 | L11: ='4. Financial Detail'!H60 -> 0 | M11: ='4. Financial Detail'!J60 -> 0 | N11: ='4. Financial Detail'!K60 | O11: ='4. Financial Detail'!P15 -> 0 | P11: ='4. Financial Detail'!Q15 -> 0 | Q11: ='4. Financial Detail'!Q37 | R11: ='4. Financial Detail'!R37 | S11: ='2. Technical Details'!G15 -> 0 | T11: ='2. Technical Details'!H15 -> 0 | U11: ='2. Technical Details'!K15 -> 0 | V11: ='2. Technical Details'!L15 -> 0 | W11: ='2. Technical Details'!M15 -> 0 | X11: ='2. Technical Details'!P15 -> 0 | Y11: ='2. Technical Details'!Q15 -> 0 | Z11: ='2. Technical Details'!R15 -> 0 | AA11: ='2. Technical Details'!S15 -> 0 | AB11: ='2. Technical Details'!U15 | AC11: ='2. Technical Details'!V15 | AD11: ='2. Technical Details'!Y15 | AE11: ='2. Technical Details'!AA15 | AF11: ='4. Financial Detail'!X15 | AG11: ='4. Financial Detail'!X15 | AH11: ='4. Financial Detail'!Y15 | AI11: ='4. Financial Detail'!AA15 | AJ11: ='3. Deliverability Details'!D15 -> 0 | AK11: ='3. Deliverability Details'!E15 -> 0 | AL11: ='3. Deliverability Details'!M15 -> 0 | AM11: ='3. Deliverability Details'!P15 -> 0 | AN11: ='4. Financial Detail'!L60 | AO11: ='4. Financial Detail'!M60 -> 0 | AP11: ='4. Financial Detail'!N60 -> 0 | AQ11: ='4. Financial Detail'!O60 -> 0 | AR11: ='4. Financial Detail'!P60 -> 0 | AS11: ='4. Financial Detail'!Q60 -> 0 | AT11: ='4. Financial Detail'!R60 -> 0 | AU11: ='4. Financial Detail'!S60 -> 0
B12: ='2. Technical Details'!C16 -> 0 | C12: ='6. Summary & Declaration'!$G$23 -> 0 | D12: ='6. Summary & Declaration'!$G$24 -> 0 | E12: ='2. Technical Details'!D16 -> 0 | F12: ='2. Technical Details'!F16 -> 0 | G12: ='2. Technical Details'!I16 -> 0 | H12: ='2. Technical Details'!J16 -> 0 | I12: ='2. Technical Details'!O16 -> 0 | J12: ='4. Financial Detail'!I61 | K12: ='6. Summary & Declaration'!H98 | L12: ='4. Financial Detail'!H61 -> 0 | M12: ='4. Financial Detail'!J61 -> 0 | N12: ='4. Financial Detail'!K61 | O12: ='4. Financial Detail'!P16 -> 0 | P12: ='4. Financial Detail'!Q16 -> 0 | Q12: ='4. Financial Detail'!Q38 | R12: ='4. Financial Detail'!R38 | S12: ='2. Technical Details'!G16 -> 0 | T12: ='2. Technical Details'!H16 -> 0 | U12: ='2. Technical Details'!K16 -> 0 | V12: ='2. Technical Details'!L16 -> 0 | W12: ='2. Technical Details'!M16 -> 0 | X12: ='2. Technical Details'!P16 -> 0 | Y12: ='2. Technical Details'!Q16 -> 0 | Z12: ='2. Technical Details'!R16 -> 0 | AA12: ='2. Technical Details'!S16 -> 0 | AB12: ='2. Technical Details'!U16 | AC12: ='2. Technical Details'!V16 | AD12: ='2. Technical Details'!Y16 | AE12: ='2. Technical Details'!AA16 | AF12: ='4. Financial Detail'!X16 | AG12: ='4. Financial Detail'!X16 | AH12: ='4. Financial Detail'!Y16 | AI12: ='4. Financial Detail'!AA16 | AJ12: ='3. Deliverability Details'!D16 -> 0 | AK12: ='3. Deliverability Details'!E16 -> 0 | AL12: ='3. Deliverability Details'!M16 -> 0 | AM12: ='3. Deliverability Details'!P16 -> 0 | AN12: ='4. Financial Detail'!L61 | AO12: ='4. Financial Detail'!M61 -> 0 | AP12: ='4. Financial Detail'!N61 -> 0 | AQ12: ='4. Financial Detail'!O61 -> 0 | AR12: ='4. Financial Detail'!P61 -> 0 | AS12: ='4. Financial Detail'!Q61 -> 0 | AT12: ='4. Financial Detail'!R61 -> 0 | AU12: ='4. Financial Detail'!S61 -> 0
B13: ='2. Technical Details'!C17 -> 0 | C13: ='6. Summary & Declaration'!$G$23 -> 0 | D13: ='6. Summary & Declaration'!$G$24 -> 0 | E13: ='2. Technical Details'!D17 -> 0 | F13: ='2. Technical Details'!F17 -> 0 | G13: ='2. Technical Details'!I17 -> 0 | H13: ='2. Technical Details'!J17 -> 0 | I13: ='2. Technical Details'!O17 -> 0 | J13: ='4. Financial Detail'!I62 | K13: ='6. Summary & Declaration'!H99 | L13: ='4. Financial Detail'!H62 -> 0 | M13: ='4. Financial Detail'!J62 -> 0 | N13: ='4. Financial Detail'!K62 | O13: ='4. Financial Detail'!P17 -> 0 | P13: ='4. Financial Detail'!Q17 -> 0 | Q13: ='4. Financial Detail'!Q39 | R13: ='4. Financial Detail'!R39 | S13: ='2. Technical Details'!G17 -> 0 | T13: ='2. Technical Details'!H17 -> 0 | U13: ='2. Technical Details'!K17 -> 0 | V13: ='2. Technical Details'!L17 -> 0 | W13: ='2. Technical Details'!M17 -> 0 | X13: ='2. Technical Details'!P17 -> 0 | Y13: ='2. Technical Details'!Q17 -> 0 | Z13: ='2. Technical Details'!R17 -> 0 | AA13: ='2. Technical Details'!S17 -> 0 | AB13: ='2. Technical Details'!U17 | AC13: ='2. Technical Details'!V17 | AD13: ='2. Technical Details'!Y17 | AE13: ='2. Technical Details'!AA17 | AF13: ='4. Financial Detail'!X17 | AG13: ='4. Financial Detail'!X17 | AH13: ='4. Financial Detail'!Y17 | AI13: ='4. Financial Detail'!AA17 | AJ13: ='3. Deliverability Details'!D17 -> 0 | AK13: ='3. Deliverability Details'!E17 -> 0 | AL13: ='3. Deliverability Details'!M17 -> 0 | AM13: ='3. Deliverability Details'!P17 -> 0 | AN13: ='4. Financial Detail'!L62 | AO13: ='4. Financial Detail'!M62 -> 0 | AP13: ='4. Financial Detail'!N62 -> 0 | AQ13: ='4. Financial Detail'!O62 -> 0 | AR13: ='4. Financial Detail'!P62 -> 0 | AS13: ='4. Financial Detail'!Q62 -> 0 | AT13: ='4. Financial Detail'!R62 -> 0 | AU13: ='4. Financial Detail'!S62 -> 0
B14: ='2. Technical Details'!C18 -> 0 | C14: ='6. Summary & Declaration'!$G$23 -> 0 | D14: ='6. Summary & Declaration'!$G$24 -> 0 | E14: ='2. Technical Details'!D18 -> 0 | F14: ='2. Technical Details'!F18 -> 0 | G14: ='2. Technical Details'!I18 -> 0 | H14: ='2. Technical Details'!J18 -> 0 | I14: ='2. Technical Details'!O18 -> 0 | J14: ='4. Financial Detail'!I63 | K14: ='6. Summary & Declaration'!H100 | L14: ='4. Financial Detail'!H63 -> 0 | M14: ='4. Financial Detail'!J63 -> 0 | N14: ='4. Financial Detail'!K63 | O14: ='4. Financial Detail'!P18 -> 0 | P14: ='4. Financial Detail'!Q18 -> 0 | Q14: ='4. Financial Detail'!Q40 | R14: ='4. Financial Detail'!R40 | S14: ='2. Technical Details'!G18 -> 0 | T14: ='2. Technical Details'!H18 -> 0 | U14: ='2. Technical Details'!K18 -> 0 | V14: ='2. Technical Details'!L18 -> 0 | W14: ='2. Technical Details'!M18 -> 0 | X14: ='2. Technical Details'!P18 -> 0 | Y14: ='2. Technical Details'!Q18 -> 0 | Z14: ='2. Technical Details'!R18 -> 0 | AA14: ='2. Technical Details'!S18 -> 0 | AB14: ='2. Technical Details'!U18 | AC14: ='2. Technical Details'!V18 | AD14: ='2. Technical Details'!Y18 | AE14: ='2. Technical Details'!AA18 | AF14: ='4. Financial Detail'!X18 | AG14: ='4. Financial Detail'!X18 | AH14: ='4. Financial Detail'!Y18 | AI14: ='4. Financial Detail'!AA18 | AJ14: ='3. Deliverability Details'!D18 -> 0 | AK14: ='3. Deliverability Details'!E18 -> 0 | AL14: ='3. Deliverability Details'!M18 -> 0 | AM14: ='3. Deliverability Details'!P18 -> 0 | AN14: ='4. Financial Detail'!L63 | AO14: ='4. Financial Detail'!M63 -> 0 | AP14: ='4. Financial Detail'!N63 -> 0 | AQ14: ='4. Financial Detail'!O63 -> 0 | AR14: ='4. Financial Detail'!P63 -> 0 | AS14: ='4. Financial Detail'!Q63 -> 0 | AT14: ='4. Financial Detail'!R63 -> 0 | AU14: ='4. Financial Detail'!S63 -> 0
B15: ='2. Technical Details'!C19 -> 0 | C15: ='6. Summary & Declaration'!$G$23 -> 0 | D15: ='6. Summary & Declaration'!$G$24 -> 0 | E15: ='2. Technical Details'!D19 -> 0 | F15: ='2. Technical Details'!F19 -> 0 | G15: ='2. Technical Details'!I19 -> 0 | H15: ='2. Technical Details'!J19 -> 0 | I15: ='2. Technical Details'!O19 -> 0 | J15: ='4. Financial Detail'!I64 | K15: ='6. Summary & Declaration'!H101 | L15: ='4. Financial Detail'!H64 -> 0 | M15: ='4. Financial Detail'!J64 -> 0 | N15: ='4. Financial Detail'!K64 | O15: ='4. Financial Detail'!P19 -> 0 | P15: ='4. Financial Detail'!Q19 -> 0 | Q15: ='4. Financial Detail'!Q41 | R15: ='4. Financial Detail'!R41 | S15: ='2. Technical Details'!G19 -> 0 | T15: ='2. Technical Details'!H19 -> 0 | U15: ='2. Technical Details'!K19 -> 0 | V15: ='2. Technical Details'!L19 -> 0 | W15: ='2. Technical Details'!M19 -> 0 | X15: ='2. Technical Details'!P19 -> 0 | Y15: ='2. Technical Details'!Q19 -> 0 | Z15: ='2. Technical Details'!R19 -> 0 | AA15: ='2. Technical Details'!S19 -> 0 | AB15: ='2. Technical Details'!U19 | AC15: ='2. Technical Details'!V19 | AD15: ='2. Technical Details'!Y19 | AE15: ='2. Technical Details'!AA19 | AF15: ='4. Financial Detail'!X19 | AG15: ='4. Financial Detail'!X19 | AH15: ='4. Financial Detail'!Y19 | AI15: ='4. Financial Detail'!AA19 | AJ15: ='3. Deliverability Details'!D19 -> 0 | AK15: ='3. Deliverability Details'!E19 -> 0 | AL15: ='3. Deliverability Details'!M19 -> 0 | AM15: ='3. Deliverability Details'!P19 -> 0 | AN15: ='4. Financial Detail'!L64 | AO15: ='4. Financial Detail'!M64 -> 0 | AP15: ='4. Financial Detail'!N64 -> 0 | AQ15: ='4. Financial Detail'!O64 -> 0 | AR15: ='4. Financial Detail'!P64 -> 0 | AS15: ='4. Financial Detail'!Q64 -> 0 | AT15: ='4. Financial Detail'!R64 -> 0 | AU15: ='4. Financial Detail'!S64 -> 0
B16: ='2. Technical Details'!C20 -> 0 | C16: ='6. Summary & Declaration'!$G$23 -> 0 | D16: ='6. Summary & Declaration'!$G$24 -> 0 | E16: ='2. Technical Details'!D20 -> 0 | F16: ='2. Technical Details'!F20 -> 0 | G16: ='2. Technical Details'!I20 -> 0 | H16: ='2. Technical Details'!J20 -> 0 | I16: ='2. Technical Details'!O20 -> 0 | J16: ='4. Financial Detail'!I65 | K16: ='6. Summary & Declaration'!H102 | L16: ='4. Financial Detail'!H65 -> 0 | M16: ='4. Financial Detail'!J65 -> 0 | N16: ='4. Financial Detail'!K65 | O16: ='4. Financial Detail'!P20 -> 0 | P16: ='4. Financial Detail'!Q20 -> 0 | Q16: ='4. Financial Detail'!Q42 | R16: ='4. Financial Detail'!R42 | S16: ='2. Technical Details'!G20 -> 0 | T16: ='2. Technical Details'!H20 -> 0 | U16: ='2. Technical Details'!K20 -> 0 | V16: ='2. Technical Details'!L20 -> 0 | W16: ='2. Technical Details'!M20 -> 0 | X16: ='2. Technical Details'!P20 -> 0 | Y16: ='2. Technical Details'!Q20 -> 0 | Z16: ='2. Technical Details'!R20 -> 0 | AA16: ='2. Technical Details'!S20 -> 0 | AB16: ='2. Technical Details'!U20 | AC16: ='2. Technical Details'!V20 | AD16: ='2. Technical Details'!Y20 | AE16: ='2. Technical Details'!AA20 | AF16: ='4. Financial Detail'!X20 | AG16: ='4. Financial Detail'!X20 | AH16: ='4. Financial Detail'!Y20 | AI16: ='4. Financial Detail'!AA20 | AJ16: ='3. Deliverability Details'!D20 -> 0 | AK16: ='3. Deliverability Details'!E20 -> 0 | AL16: ='3. Deliverability Details'!M20 -> 0 | AM16: ='3. Deliverability Details'!P20 -> 0 | AN16: ='4. Financial Detail'!L65 | AO16: ='4. Financial Detail'!M65 -> 0 | AP16: ='4. Financial Detail'!N65 -> 0 | AQ16: ='4. Financial Detail'!O65 -> 0 | AR16: ='4. Financial Detail'!P65 -> 0 | AS16: ='4. Financial Detail'!Q65 -> 0 | AT16: ='4. Financial Detail'!R65 -> 0 | AU16: ='4. Financial Detail'!S65 -> 0
... B19: ='2. Technical Details'!C23 -> 0 | C19: ='6. Summary & Declaration'!$G$23 -> 0 | D19: ='6. Summary & Declaration'!$G$24 -> 0 | E19: ='2. Technical Details'!D23 -> 0 | F19: ='2. Technical Details'!F23 -> 0 | G19: ='2. Technical Details'!I23 -> 0 | H19: ='2. Technical Details'!J23 -> 0 | I19: ='2. Technical Details'!O23 -> 0 | J19: ='4. Financial Detail'!I68 | K19: ='6. Summary & Declaration'!H105 | L19: ='4. Financial Detail'!H68 -> 0 | M19: ='4. Financial Detail'!J68 -> 0 | N19: ='4. Financial Detail'!K68 | O19: ='4. Financial Detail'!P23 -> 0 | P19: ='4. Financial Detail'!Q23 -> 0 | Q19: ='4. Financial Detail'!Q45 | R19: ='4. Financial Detail'!R45 | S19: ='2. Technical Details'!G23 -> 0 | T19: ='2. Technical Details'!H23 -> 0 | U19: ='2. Technical Details'!K23 -> 0 | V19: ='2. Technical Details'!L23 -> 0 | W19: ='2. Technical Details'!M23 -> 0 | X19: ='2. Technical Details'!P23 -> 0 | Y19: ='2. Technical Details'!Q23 -> 0 | Z19: ='2. Technical Details'!R23 -> 0 | AA19: ='2. Technical Details'!S23 -> 0 | AB19: ='2. Technical Details'!U23 | AC19: ='2. Technical Details'!V23 | AD19: ='2. Technical Details'!Y23 | AE19: ='2. Technical Details'!AA23 | AF19: ='4. Financial Detail'!X23 | AG19: ='4. Financial Detail'!X23 | AH19: ='4. Financial Detail'!Y23 | AI19: ='4. Financial Detail'!AA23 | AJ19: ='3. Deliverability Details'!D23 -> 0 | AK19: ='3. Deliverability Details'!E23 -> 0 | AL19: ='3. Deliverability Details'!M23 -> 0 | AM19: ='3. Deliverability Details'!P23 -> 0 | AN19: ='4. Financial Detail'!L68 | AO19: ='4. Financial Detail'!M68 -> 0 | AP19: ='4. Financial Detail'!N68 -> 0 | AQ19: ='4. Financial Detail'!O68 -> 0 | AR19: ='4. Financial Detail'!P68 -> 0 | AS19: ='4. Financial Detail'!Q68 -> 0 | AT19: ='4. Financial Detail'!R68 -> 0 | AU19: ='4. Financial Detail'!S68 -> 0

Sheet Lists
B2: General | L2: Design & Planning | S2: Procurement and contracting | AB2: Operation
H3: Organisation Type | L3: Please indicate the project position on designs | M3: Please indicate the project position on planning permission | N3: Please indicate the project position on environmental / NRW permissions (for example: abstraction licence for a hydro project) | O3: Please indicate the project position on DNO upgrades / engagement | P3: Please indicate the project position structural / civil surveys | Q3: Please indicate the project position on SUDS (Sustainable Drainage Survey) | R3: Please indicate the position on any Power Purchase Agreement (PPA) required | S3: Principle contractor for supply & install: contracting approach | T3: Principle contractor for supply & install: procurement stage | U3: Subcontracted - equipment supply: stage | V3: Subcontracted - works installers: stage | W3: DNO upgrade or grid connection contracting | X3: Client Engineer: contracting approach | Y3: Client Engineer: procurement stage | Z3: Other specialist (e.g. PM / QS / environmental): contracting approach | AA3: Other specialist (e.g. PM / QS / environmental): procurement stage | AB3: Do you have an Operation & Maintenance (O&M) plan in place? | AC3: O&M contractor procurement | AD3: Performance Management Plan in place? | AE3: Performance management includes a Measurement & Verification (M&V) Plan to IPMVP
B4: Please select | C4: Please select | D4: Please select | E4: Please select | F4: Status | G4: Please select | H4: Please select | I4: Please select | J4: Date | L4: Initial feasibility | M4: Planning unknown | N4: Unknown | O4: Not engaged | P4: Unknown | Q4: No work completed | R4: Not applicable | S4: Framework | T4: Specification stage | U4: N/A (principle contractor makes own equipment) | V4: N/A (principle contractor supplies all tradespeople) | W4: N/A - Not required | X4: Not required | Y4: N/A | Z4: Not required | AA4: N/A | AB4: Yes | AC4: No O&M planned | AD4: Yes | AE4: Yes
B5: Yes | C5: Pass | D5: Confirm | E5: Welsh | F5: OK | G5: Offices | H5: Local Authority | I5: Solar Panels - rooftop | J5: 46023 | L5: Concept design - sizing, concept drawings | M5: Permitted development - deemed | N5: Not applicable | O5: DNO engaged, no works required | P5: Not applicable | Q5: Initial conversation with SAB team completed | R5: PPA in development | S5: Open market competition | T5: Out to tender | U5: Identified but supplier not engaged | V5: Identified but not secured | W5: Initial cost estimate only | X5: Framework | Y5: Specification stage | Z5: Framework | AA5: Specification stage | AB5: No | AC5: Own current contractors | AD5: No | AE5: No
B6: No | C6: Fail | D6: Cannot Confirm | E6: English | F6: Not balanced | G6: Community Centres | H6: Health Board / Trust / Special Health Authority | I6: Solar Panels - canopy / car port | J6: 46054 | L6: Developed design - detailed feasibility and consideration of access / structural / planning / DNO | M6: Permitted development - confirmed with planning department | N6: Application being developed | O6: DNO upgrade works required - not yet planned | P6: Surveys being developed | Q6: SUDS design underway | R6: PPA terms agreed in principle | S6: Invite only competition | T6: Preferred supplier | U6: Identified, priced, & available | V6: Identified, priced, & available | W6: Firm costed quote | X6: Open market competition | Y6: Out to tender | Z6: Open market competition | AA6: Out to tender | AB6: In development | AC6: Principle contractor providing O&M also
C7: Clarifications Needed | F7: Minimum 10% threshold not met | G7: Residential care homes | H7: University | I7: Solar Panels - ground mount | J7: 46106 | L7: Technical design - full equipment specification and M&E drawings | M7: Planning application being developed (e.g. studies underway) | N7: Permission applied | O7: DNO upgrade works required, and timeline agreed | P7: Surveys in contract | Q7: SUDS application submitted | R7: PPA agreement signed | S7: Direct award | T7: Contract signed | U7: Sub-contract signed | V7: Sub-contract signed | W7: Contracted | X7: Invite only competition | Y7: Preferred supplier | Z7: Invite only competition | AA7: Preferred supplier | AC7: Procurement required
F8: Your grant request overide is too high | G8: Depots | H8: College | I8: Wind (building integrated/private wire) | J8: 46137 | L8: Final design agreed with Principle Contractor & Client Engineer | M8: Planning permission applied | N8: Permission obtained | P8: Surveys complete | Q8: SUDS design approved | S8: Existing in contract contractors | X8: Direct award | Y8: Contract signed | Z8: Direct award | AA8: Contract signed
F9: Your grant request overide is too low | G9: Fleet Depot | H9: National Park | I9: Wind (direct grid connection) | J9: 46167 | M9: Planning permission obtained | S9: Existing Energy Performance Contract | X9: Existing in contract contractors | Z9: Existing in contract contractors
F10: Not all checkboxes checked | G10: Schools - Primary | H10: Rescue Service | I10: Hydro | J10: 46198
F11: Section incomplete | G11: Schools - Secondary | H11: Other Public Sector / Welsh Gov. Sponsored Body | J11: 46228
F12: Not all sections complete | G12: Schools - Special | H12: Community Enterprise | J12: 46259
F13: FY25/26 too high | G13: Schools - Secondary, with swimming pool | J13: 46290
G14: Hospital - Acute | J14: 46320
G15: Hospital - Community hospital | J15: 46351
G16: Hospital - Cottage hospital
G17: Library
G18: Museum / Cultural
G19: Fire station
G20: Lecture/conference facility
G21: Library or learning centre
G22: Accomodation (Student)
G23: Catering
G24: Leisure Centre with swimming pool
G25: Leisure Centre (dry)
G26: Other
